Workbook
Name JR_PAGE_ANCHOR_0_1: orcamento!$A$1

Sheet BOLETIM DE MEDIÇÃO 02
B2: BOLETIM DE MEDIÇÃO 02
B3: OBJETO: | O3: CONTRATO: | P3: LICITAÇÃO Nº: | Q3: VALOR CONTRATADO:
B4: CONSTRUÇÃO DA CASA DE ACOLHIMENTO PARA CRIANÇAS E ADOCESLENTES, "CASA LAR", NO MUNICÍPIO DE SOUSA/PB. | O4: 682/2023 | P4: 03/2023 | Q4: 1240378.4
B5: EMPRESA CONTRATADA: | E5: CNPJ: | O5: CONTRATANTE:
B6: ALX CONSTRUÇÕES E LOCAÇÕES | E6: 17.490.708/0001-70 | O6: PREFEITURA MUNICIPAL DE SOUSA
B7: DATA | D7: PERÍODO DA MEDIÇÃO | E7: VALOR DA MEDIÇÃO: | H7: VALOR ACUMULADO ANTERIOR: | J7: VALOR ACUMULADO ANTERIOR: | Q7: MEDIÇÃO:
B8: 45291 | D8: 22/12/2023 a 31/01/2024 | E8: =S196 -> 61443.008 | H8: =Y196-E8 -> 66571.965 | Q8: 02
B10: ITEM | C10: CÓDIGO | D10: DESCRIÇÃO | E10: UND | F10: CUSTO UNITÁRIO (C/ BDI) | G10: QUANTIDADE | Q10: FINANCEIRO
G11: PREVISTA | H11: MEDIDA NO PERÍODO 1 | I11: MEDIDA NO PERÍODO 2 | J11: MEDIDA NO PERÍODO 3 | K11: MEDIDA NO PERÍODO 4 | L11: MEDIDA NO PERÍODO 5 | M11: MEDIDA NO PERÍODO 6 | N11: MEDIDA NO PERÍODO 7 | O11: ACUMULADA (INCLUSIVE ESTA) | P11: SALDO | Q11: PREVISTA | R11: MEDIDA NO PERÍODO 01 | S11: MEDIDA NO PERÍODO 2 | T11: MEDIDA NO PERÍODO 3 | U11: MEDIDA NO PERÍODO 4 | V11: MEDIDA NO PERÍODO 5 | W11: MEDIDA NO PERÍODO 6 | X11: MEDIDA NO PERÍODO 7 | Y11: ACUMULADA (INCLUSIVE ESTA) | Z11: SALDO
B12: 1 | C12: CONSTRUÇÃO DA CASA DE ACOLHIMENTO PARA CRIANÇAS E ADOLESCENTES - CASA LAR, NO MUNICÍPIO DE SOUSA - PB
B13: 1.1 | C13: SERVIÇOS PRELIMINARES
B14: 1.1.1 | C14: composição 1 | D14: PLACA DE OBRA EM CHAPA DE ACO GALVANIZADO [ADAPTADO SINAPI 74209/01] | E14: M2 | F14: 414.1 | G14: 6 | H14: ='MEMORIAL DE CALCULO 01'!K14 -> 6 | O14: =H14+I14+J14+K14+L14+M14+N14 -> 6 | P14: =G14-O14 -> 0 | Q14: =F14*G14 -> 2484.6 | R14: =F14*H14 -> 2484.6 | S14: =F14*I14 -> 0 | T14: =H14*J14 -> 0 | U14: =I14*K14 -> 0 | V14: =J14*L14 -> 0 | W14: =K14*M14 -> 0 | X14: =L14*N14 -> 0 | Y14: =R14+S14+T14+U14+V14+W14 -> 2484.6 | Z14: =Q14-Y14 -> 0 | AA14: =Y14/Q14 -> 1
B15: 1.1.2 | C15: 93209 | D15: EXECUÇÃO DE ALMOXARIFADO EM CANTEIRO DE OBRA EM ALVENARIA, INCLUSO PRATELEIRAS. AF_02/2016 | E15: M2 | F15: 947.21 | G15: 5 | H15: 2.25 | I15: ='MEMORIAL DE CALCULO 02'!K15 -> 2.75 | O15: =H15+I15+J15+K15+L15+M15+N15 -> 5 | P15: =G15-O15 -> 0 | Q15: =F15*G15 -> 4736.05 | R15: =F15*H15 -> 2131.2225 | S15: =F15*I15 -> 2604.8275 | Y15: =R15+S15+T15+U15+V15+W15 -> 4736.05 | Z15: =Q15-Y15 -> 0 | AA15: =Y15/Q15 -> 1
B16: 1.1.3 | C16: 93206 | D16: EXECUÇÃO DE ESCRITÓRIO EM CANTEIRO DE OBRA EM ALVENARIA, NÃO INCLUSO MOBILIÁRIO E EQUIPAMENTOS. AF_02/2016 | E16: M2 | F16: 1086.7 | G16: 5 | H16: 2.25 | I16: ='MEMORIAL DE CALCULO 02'!K16 -> 2.75 | O16: =H16+I16+J16+K16+L16+M16+N16 -> 5 | P16: =G16-O16 -> 0 | Q16: =F16*G16 -> 5433.5 | R16: =F16*H16 -> 2445.075 | S16: =F16*I16 -> 2988.425 | Y16: =R16+S16+T16+U16+V16+W16 -> 5433.5 | Z16: =Q16-Y16 -> 0 | AA16: =Y16/Q16 -> 1
B17: 1.1.4 | C17: composição 11 | D17: Tapume em chapa compensada esp = 10mm (1 uso). [ADAPTADO ORSE 53] | E17: M2 | F17: 102.24 | G17: 277.4 | H17: 258.4 | I17: ='MEMORIAL DE CALCULO 02'!K17 -> 19 | O17: =H17+I17+J17+K17+L17+M17+N17 -> 277.4 | P17: =G17-O17 -> 0 | Q17: =F17*G17 -> 28361.376 | R17: =F17*H17 -> 26418.816 | S17: =F17*I17 -> 1942.56 | Y17: =R17+S17+T17+U17+V17+W17 -> 28361.376 | Z17: =Q17-Y17 -> 0 | AA17: =Y17/Q17 -> 1
B18: 1.1.5 | C18: 98524 | D18: LIMPEZA MANUAL DE VEGETAÇÃO EM TERRENO COM ENXADA.AF_05/2018 | E18: M2 | F18: 2.29 | G18: 1430.2 | O18: =H18+I18+J18+K18+L18+M18+N18 -> 0 | P18: =G18-O18 -> 1430.2 | Q18: =F18*G18 -> 3275.158 | R18: =F18*H18 -> 0 | S18: =F18*I18 -> 0 | Y18: =R18+S18+T18+U18+V18+W18 -> 0 | Z18: =Q18-Y18 -> 3275.158 | AA18: =Y18/Q18 -> 0
B19: 1.1.6 | C19: 100575 | D19: REGULARIZAÇÃO DE SUPERFÍCIES COM MOTONIVELADORA. AF_11/2019 | E19: M2 | F19: 0.12 | G19: 1430.2 | O19: =H19+I19+J19+K19+L19+M19+N19 -> 0 | P19: =G19-O19 -> 1430.2 | Q19: =F19*G19 -> 171.624 | R19: =F19*H19 -> 0 | S19: =F19*I19 -> 0 | Y19: =R19+S19+T19+U19+V19+W19 -> 0 | Z19: =Q19-Y19 -> 171.624 | AA19: =Y19/Q19 -> 0
B20: 1.2 | C20: MOVIMENTO DE TERRA | R20: =F20*H20 -> 0 | S20: =F20*I20 -> 0 | Y20: =R20+S20+T20+U20+V20+W20 -> 0 | Z20: =Q20-Y20 -> 0
B21: 1.2.1 | C21: 99059 | D21: LOCACAO CONVENCIONAL DE OBRA, UTILIZANDO GABARITO DE TÁBUAS CORRIDAS PONTALETADAS A CADA 2,00M - 2 UTILIZAÇÕES. AF_10/2018 | E21: M | F21: 52.4 | G21: 137.5 | H21: ='MEMORIAL DE CALCULO 01'!K22 -> 137.5 | O21: =H21+I21+J21+K21+L21+M21+N21 -> 137.5 | P21: =G21-O21 -> 0 | Q21: =F21*G21 -> 7205 | R21: =F21*H21 -> 7205 | S21: =F21*I21 -> 0 | Y21: =R21+S21+T21+U21+V21+W21 -> 7205 | Z21: =Q21-Y21 -> 0 | AA21: =Y21/Q21 -> 1
B22: 1.2.2 | C22: 93358 | D22: ESCAVAÇÃO MANUAL DE VALA COM PROFUNDIDADE MENOR OU IGUAL A 1,30 M. AF_02/2021 | E22: M3 | F22: 64.95 | G22: 89.01 | H22: ='MEMORIAL DE CALCULO 01'!K23 -> 69.93925 | I22: ='MEMORIAL DE CALCULO 02'!K25 -> 1.20537 | O22: =H22+I22+J22+K22+L22+M22+N22 -> 71.14462 | P22: =G22-O22 -> 17.86538 | Q22: =F22*G22 -> 5781.1995 | R22: =F22*H22 -> 4542.5543 | S22: =F22*I22 -> 78.288781 | Y22: =R22+S22+T22+U22+V22+W22 -> 4620.8431 | Z22: =Q22-Y22 -> 1160.3564 | AA22: =Y22/Q22 -> 0.79928795
B23: 1.2.3 | C23: 96995 | D23: REATERRO MANUAL APILOADO COM SOQUETE. AF_10/2017 | E23: M3 | F23: 39.37 | G23: 44.26 | O23: =H23+I23+J23+K23+L23+M23+N23 -> 0 | P23: =G23-O23 -> 44.26 | Q23: =F23*G23 -> 1742.5162 | R23: =F23*H23 -> 0 | S23: =F23*I23 -> 0 | Y23: =R23+S23+T23+U23+V23+W23 -> 0 | Z23: =Q23-Y23 -> 1742.5162 | AA23: =Y23/Q23 -> 0
B24: 1.2.4 | C24: 94319 | D24: ATERRO MANUAL DE VALAS COM SOLO ARGILO-ARENOSO E COMPACTAÇÃO MECANIZADA. AF_05/2016 | E24: M3 | F24: 74.51 | G24: 93.63 | O24: =H24+I24+J24+K24+L24+M24+N24 -> 0 | P24: =G24-O24 -> 93.63 | Q24: =F24*G24 -> 6976.3713 | R24: =F24*H24 -> 0 | S24: =F24*I24 -> 0 | Y24: =R24+S24+T24+U24+V24+W24 -> 0 | Z24: =Q24-Y24 -> 6976.3713 | AA24: =Y24/Q24 -> 0
B25: 1.3 | C25: FUNDAÇÃO | R25: =F25*H25 -> 0 | S25: =F25*I25 -> 0 | Y25: =R25+S25+T25+U25+V25+W25 -> 0 | Z25: =Q25-Y25 -> 0
B26: 1.3.1 | C26: composição 12 | D26: ALVENARIA DE EMBASAMENTO COM BLOCO CERÂMICO DE 9X14X19CM E ARGAMASSA DE ASSENTAMENTO COM PREPARO EM BETONEIRA. AF_05/2020. [ADAPTADO SINAPI 101166] | E26: M3 | F26: 411.48 | G26: 13.99 | I26: ='MEMORIAL DE CALCULO 02'!K54 -> 7.34341 | O26: =H26+I26+J26+K26+L26+M26+N26 -> 7.34341 | P26: =G26-O26 -> 6.64659 | Q26: =F26*G26 -> 5756.6052 | R26: =F26*H26 -> 0 | S26: =F26*I26 -> 3021.6663 | Y26: =R26+S26+T26+U26+V26+W26 -> 3021.6663 | Z26: =Q26-Y26 -> 2734.9389 | AA26: =Y26/Q26 -> 0.52490422
B27: 1.3.2 | C27: 101616 | D27: PREPARO DE FUNDO DE VALA COM LARGURA MENOR QUE 1,5 M (ACERTO DO SOLO NATURAL). AF_08/2020 | E27: M2 | F27: 4.91 | G27: 37.81 | I27: 37.81 | O27: =H27+I27+J27+K27+L27+M27+N27 -> 37.81 | P27: =G27-O27 -> 0 | Q27: =F27*G27 -> 185.6471 | R27: =F27*H27 -> 0 | S27: =F27*I27 -> 185.6471 | Y27: =R27+S27+T27+U27+V27+W27 -> 185.6471 | Z27: =Q27-Y27 -> 0 | AA27: =Y27/Q27 -> 1
B28: 1.3.3 | C28: 96619 | D28: LASTRO DE CONCRETO MAGRO, APLICADO EM BLOCOS DE COROAMENTO OU SAPATAS, ESPESSURA DE 5 CM. AF_08/2017 | E28: M2 | F28: 30.67 | G28: 77.41 | I28: 37.81 | O28: =H28+I28+J28+K28+L28+M28+N28 -> 37.81 | P28: =G28-O28 -> 39.6 | Q28: =F28*G28 -> 2374.1647 | R28: =F28*H28 -> 0 | S28: =F28*I28 -> 1159.6327 | Y28: =R28+S28+T28+U28+V28+W28 -> 1159.6327 | Z28: =Q28-Y28 -> 1214.532 | AA28: =Y28/Q28 -> 0.48843819
B29: 1.3.4 | C29: 96545 | D29: ARMAÇÃO DE BLOCO, VIGA BALDRAME OU SAPATA UTILIZANDO AÇO CA-50 DE 8 MM - MONTAGEM. AF_06/2017 | E29: KG | F29: 15.99 | G29: 537.3 | I29: ='MEMORIAL DE CALCULO 02'!K90 -> 44.52045 | O29: =H29+I29+J29+K29+L29+M29+N29 -> 44.52045 | P29: =G29-O29 -> 492.77955 | Q29: =F29*G29 -> 8591.427 | R29: =F29*H29 -> 0 | S29: =F29*I29 -> 711.882 | Y29: =R29+S29+T29+U29+V29+W29 -> 711.882 | Z29: =Q29-Y29 -> 7879.545 | AA29: =Y29/Q29 -> 0.082859576
B30: 1.3.5 | C30: 94966 | D30: CONCRETO FCK = 30MPA, TRAÇO 1:2,1:2,5 (EM MASSA SECA DE CIMENTO/ AREIA MÉDIA/ BRITA 1) - PREPARO MECÂNICO COM BETONEIRA 400 L. AF_05/2021 | E30: M3 | F30: 530.88 | G30: 21.16 | I30: ='MEMORIAL DE CALCULO 02'!K99 -> 8.413055 | O30: =H30+I30+J30+K30+L30+M30+N30 -> 8.413055 | P30: =G30-O30 -> 12.746945 | Q30: =F30*G30 -> 11233.421 | R30: =F30*H30 -> 0 | S30: =F30*I30 -> 4466.3226 | Y30: =R30+S30+T30+U30+V30+W30 -> 4466.3226 | Z30: =Q30-Y30 -> 6767.0982 | AA30: =Y30/Q30 -> 0.39759239
B31: 1.3.6 | C31: 94964 | D31: CONCRETO FCK = 20MPA, TRAÇO 1:2,7:3 (EM MASSA SECA DE CIMENTO/ AREIA MÉDIA/ BRITA 1) - PREPARO MECÂNICO COM BETONEIRA 400 L. AF_05/2021 | E31: M3 | F31: 488.69 | G31: 9.6 | O31: =H31+I31+J31+K31+L31+M31+N31 -> 0 | P31: =G31-O31 -> 9.6 | Q31: =F31*G31 -> 4691.424 | R31: =F31*H31 -> 0 | S31: =F31*I31 -> 0 | Y31: =R31+S31+T31+U31+V31+W31 -> 0 | Z31: =Q31-Y31 -> 4691.424 | AA31: =Y31/Q31 -> 0
B32: 1.3.7 | C32: 103670 | D32: LANÇAMENTO COM USO DE BALDES, ADENSAMENTO E ACABAMENTO DE CONCRETO EM ESTRUTURAS. AF_02/2022 | E32: M3 | F32: 230.55 | G32: 30.76 | I32: ='MEMORIAL DE CALCULO 02'!K151 -> 18.013055 | O32: =H32+I32+J32+K32+L32+M32+N32 -> 18.013055 | P32: =G32-O32 -> 12.746945 | Q32: =F32*G32 -> 7091.718 | R32: =F32*H32 -> 0 | S32: =F32*I32 -> 4152.9098 | Y32: =R32+S32+T32+U32+V32+W32 -> 4152.9098 | Z32: =Q32-Y32 -> 2938.8082 | AA32: =Y32/Q32 -> 0.58559997
B33: 1.3.8 | C33: 96543 | D33: ARMAÇÃO DE BLOCO, VIGA BALDRAME E SAPATA UTILIZANDO AÇO CA-60 DE 5 MM - MONTAGEM. AF_06/2017 | E33: KG | F33: 17.5 | G33: 404.4 | I33: ='MEMORIAL DE CALCULO 02'!K153 -> 194.26804 | O33: =H33+I33+J33+K33+L33+M33+N33 -> 194.26804 | P33: =G33-O33 -> 210.13196 | Q33: =F33*G33 -> 7077 | R33: =F33*H33 -> 0 | S33: =F33*I33 -> 3399.6908 | Y33: =R33+S33+T33+U33+V33+W33 -> 3399.6908 | Z33: =Q33-Y33 -> 3677.3092 | AA33: =Y33/Q33 -> 0.48038586
B34: 1.3.9 | C34: 96544 | D34: ARMAÇÃO DE BLOCO, VIGA BALDRAME OU SAPATA UTILIZANDO AÇO CA-50 DE 6,3 MM - MONTAGEM. AF_06/2017 | E34: KG | F34: 16.59 | G34: 295 | I34: ='MEMORIAL DE CALCULO 02'!K193 -> 295 | O34: =H34+I34+J34+K34+L34+M34+N34 -> 295 | P34: =G34-O34 -> 0 | Q34: =F34*G34 -> 4894.05 | R34: =F34*H34 -> 0 | S34: =F34*I34 -> 4894.05 | Y34: =R34+S34+T34+U34+V34+W34 -> 4894.05 | Z34: =Q34-Y34 -> 0 | AA34: =Y34/Q34 -> 1
B35: 1.3.10 | C35: 96546 | D35: ARMAÇÃO DE BLOCO, VIGA BALDRAME OU SAPATA UTILIZANDO AÇO CA-50 DE 10 MM - MONTAGEM. AF_06/2017 | E35: KG | F35: 14.35 | G35: 534.1 | I35: 534.1 | O35: =H35+I35+J35+K35+L35+M35+N35 -> 534.1 | P35: =G35-O35 -> 0 | Q35: =F35*G35 -> 7664.335 | R35: =F35*H35 -> 0 | S35: =F35*I35 -> 7664.335 | Y35: =R35+S35+T35+U35+V35+W35 -> 7664.335 | Z35: =Q35-Y35 -> 0 | AA35: =Y35/Q35 -> 1
B36: 1.3.11 | C36: 96547 | D36: ARMAÇÃO DE BLOCO, VIGA BALDRAME OU SAPATA UTILIZANDO AÇO CA-50 DE 12,5 MM - MONTAGEM. AF_06/2017 | E36: KG | F36: 11.9 | G36: 152.9 | I36: ='MEMORIAL DE CALCULO 02'!K221 -> 100.55646 | O36: =H36+I36+J36+K36+L36+M36+N36 -> 100.55646 | P36: =G36-O36 -> 52.34354 | Q36: =F36*G36 -> 1819.51 | R36: =F36*H36 -> 0 | S36: =F36*I36 -> 1196.6219 | Y36: =R36+S36+T36+U36+V36+W36 -> 1196.6219 | Z36: =Q36-Y36 -> 622.88813 | AA36: =Y36/Q36 -> 0.65766161
B37: 1.3.12 | C37: 96536 | D37: FABRICAÇÃO, MONTAGEM E DESMONTAGEM DE FÔRMA PARA VIGA BALDRAME, EM MADEIRA SERRADA, E=25 MM, 4 UTILIZAÇÕES. AF_06/2017 | E37: M2 | F37: 69.64 | G37: 429.83 | I37: ='MEMORIAL DE CALCULO 02'!K238 -> 206.337 | O37: =H37+I37+J37+K37+L37+M37+N37 -> 206.337 | P37: =G37-O37 -> 223.493 | Q37: =F37*G37 -> 29933.361 | R37: =F37*H37 -> 0 | S37: =F37*I37 -> 14369.309 | Y37: =R37+S37+T37+U37+V37+W37 -> 14369.309 | Z37: =Q37-Y37 -> 15564.053 | AA37: =Y37/Q37 -> 0.48004327
B38: 1.3.13 | C38: 98557 | D38: IMPERMEABILIZAÇÃO DE SUPERFÍCIE COM EMULSÃO ASFÁLTICA, 2 DEMÃOS AF_06/2018 | E38: M2 | F38: 48.22 | G38: 253.95 | O38: =H38+I38+J38+K38+L38+M38+N38 -> 0 | P38: =G38-O38 -> 253.95 | Q38: =F38*G38 -> 12245.469 | R38: =F38*H38 -> 0 | S38: =F38*I38 -> 0 | Y38: =R38+S38+T38+U38+V38+W38 -> 0 | Z38: =Q38-Y38 -> 12245.469 | AA38: =Y38/Q38 -> 0
B39: 1.4 | C39: ESTRUTURA | R39: =F39*H39 -> 0 | S39: =F39*I39 -> 0 | Y39: =R39+S39+T39+U39+V39+W39 -> 0 | Z39: =Q39-Y39 -> 0
B40: 1.4.1 | C40: 92443 | D40: MONTAGEM E DESMONTAGEM DE FÔRMA DE PILARES RETANGULARES E ESTRUTURAS SIMILARES, PÉ-DIREITO SIMPLES, EM CHAPA DE MADEIRA COMPENSADA PLASTIFICADA, 18 UTILIZAÇÕES. AF_09/2020 | E40: M2 | F40: 40.35 | G40: 408.7 | O40: =H40+I40+J40+K40+L40+M40+N40 -> 0 | P40: =G40-O40 -> 408.7 | Q40: =F40*G40 -> 16491.045 | R40: =F40*H40 -> 0 | S40: =F40*I40 -> 0 | Y40: =R40+S40+T40+U40+V40+W40 -> 0 | Z40: =Q40-Y40 -> 16491.045 | AA40: =Y40/Q40 -> 0
B41: 1.4.2 | C41: 92480 | D41: MONTAGEM E DESMONTAGEM DE FÔRMA DE VIGA, ESCORAMENTO METÁLICO, PÉ-DIREITO SIMPLES, EM CHAPA DE MADEIRA PLASTIFICADA, 18 UTILIZAÇÕES. AF_09/2020 | E41: M2 | F41: 62.17 | G41: 435.33 | O41: =H41+I41+J41+K41+L41+M41+N41 -> 0 | P41: =G41-O41 -> 435.33 | Q41: =F41*G41 -> 27064.466 | R41: =F41*H41 -> 0 | S41: =F41*I41 -> 0 | Y41: =R41+S41+T41+U41+V41+W41 -> 0 | Z41: =Q41-Y41 -> 27064.466 | AA41: =Y41/Q41 -> 0
B42: 1.4.3 | C42: 92267 | D42: FABRICAÇÃO DE FÔRMA PARA LAJES, EM CHAPA DE MADEIRA COMPENSADA RESINADA, E = 17 MM. AF_09/2020 | E42: M2 | F42: 30.99 | G42: 111.15 | O42: =H42+I42+J42+K42+L42+M42+N42 -> 0 | P42: =G42-O42 -> 111.15 | Q42: =F42*G42 -> 3444.5385 | R42: =F42*H42 -> 0 | S42: =F42*I42 -> 0 | Y42: =R42+S42+T42+U42+V42+W42 -> 0 | Z42: =Q42-Y42 -> 3444.5385 | AA42: =Y42/Q42 -> 0
B43: 1.4.4 | C43: 92759 | D43: ARMAÇÃO DE PILAR OU VIGA DE ESTRUTURA CONVENCIONAL DE CONCRETO ARMADO UTILIZANDO AÇO CA-60 DE 5,0 MM - MONTAGEM. AF_06/2022 | E43: KG | F43: 14.67 | G43: 1027.8 | O43: =H43+I43+J43+K43+L43+M43+N43 -> 0 | P43: =G43-O43 -> 1027.8 | Q43: =F43*G43 -> 15077.826 | R43: =F43*H43 -> 0 | S43: =F43*I43 -> 0 | Y43: =R43+S43+T43+U43+V43+W43 -> 0 | Z43: =Q43-Y43 -> 15077.826 | AA43: =Y43/Q43 -> 0
B44: 1.4.5 | C44: 92760 | D44: ARMAÇÃO DE PILAR OU VIGA DE ESTRUTURA CONVENCIONAL DE CONCRETO ARMADO UTILIZANDO AÇO CA-50 DE 6,3 MM - MONTAGEM. AF_06/2022 | E44: KG | F44: 14.4 | G44: 39.1 | O44: =H44+I44+J44+K44+L44+M44+N44 -> 0 | P44: =G44-O44 -> 39.1 | Q44: =F44*G44 -> 563.04 | R44: =F44*H44 -> 0 | S44: =F44*I44 -> 0 | Y44: =R44+S44+T44+U44+V44+W44 -> 0 | Z44: =Q44-Y44 -> 563.04 | AA44: =Y44/Q44 -> 0
B45: 1.4.6 | C45: 92761 | D45: ARMAÇÃO DE PILAR OU VIGA DE ESTRUTURA CONVENCIONAL DE CONCRETO ARMADO UTILIZANDO AÇO CA-50 DE 8,0 MM - MONTAGEM. AF_06/2022 | E45: KG | F45: 14.25 | G45: 1000 | O45: =H45+I45+J45+K45+L45+M45+N45 -> 0 | P45: =G45-O45 -> 1000 | Q45: =F45*G45 -> 14250 | R45: =F45*H45 -> 0 | S45: =F45*I45 -> 0 | Y45: =R45+S45+T45+U45+V45+W45 -> 0 | Z45: =Q45-Y45 -> 14250 | AA45: =Y45/Q45 -> 0
B46: 1.4.7 | C46: 92762 | D46: ARMAÇÃO DE PILAR OU VIGA DE ESTRUTURA CONVENCIONAL DE CONCRETO ARMADO UTILIZANDO AÇO CA-50 DE 10,0 MM - MONTAGEM. AF_06/2022 | E46: KG | F46: 12.94 | G46: 1306.1 | O46: =H46+I46+J46+K46+L46+M46+N46 -> 0 | P46: =G46-O46 -> 1306.1 | Q46: =F46*G46 -> 16900.934 | R46: =F46*H46 -> 0 | S46: =F46*I46 -> 0 | Y46: =R46+S46+T46+U46+V46+W46 -> 0 | Z46: =Q46-Y46 -> 16900.934 | AA46: =Y46/Q46 -> 0
B47: 1.4.8 | C47: 92763 | D47: ARMAÇÃO DE PILAR OU VIGA DE ESTRUTURA CONVENCIONAL DE CONCRETO ARMADO UTILIZANDO AÇO CA-50 DE 12,5 MM - MONTAGEM. AF_06/2022 | E47: KG | F47: 10.71 | G47: 168.2 | O47: =H47+I47+J47+K47+L47+M47+N47 -> 0 | P47: =G47-O47 -> 168.2 | Q47: =F47*G47 -> 1801.422 | R47: =F47*H47 -> 0 | S47: =F47*I47 -> 0 | Y47: =R47+S47+T47+U47+V47+W47 -> 0 | Z47: =Q47-Y47 -> 1801.422 | AA47: =Y47/Q47 -> 0
B48: 1.4.9 | C48: 92768 | D48: ARMAÇÃO DE LAJE DE ESTRUTURA CONVENCIONAL DE CONCRETO ARMADO UTILIZANDO AÇO CA-60 DE 5,0 MM - MONTAGEM. AF_06/2022 | E48: KG | F48: 14.31 | G48: 158.7 | O48: =H48+I48+J48+K48+L48+M48+N48 -> 0 | P48: =G48-O48 -> 158.7 | Q48: =F48*G48 -> 2270.997 | R48: =F48*H48 -> 0 | S48: =F48*I48 -> 0 | Y48: =R48+S48+T48+U48+V48+W48 -> 0 | Z48: =Q48-Y48 -> 2270.997 | AA48: =Y48/Q48 -> 0
B49: 1.4.10 | C49: 92769 | D49: ARMAÇÃO DE LAJE DE ESTRUTURA CONVENCIONAL DE CONCRETO ARMADO UTILIZANDO AÇO CA-50 DE 6,3 MM - MONTAGEM. AF_06/2022 | E49: KG | F49: 14.01 | G49: 170.5 | O49: =H49+I49+J49+K49+L49+M49+N49 -> 0 | P49: =G49-O49 -> 170.5 | Q49: =F49*G49 -> 2388.705 | R49: =F49*H49 -> 0 | S49: =F49*I49 -> 0 | Y49: =R49+S49+T49+U49+V49+W49 -> 0 | Z49: =Q49-Y49 -> 2388.705 | AA49: =Y49/Q49 -> 0
B50: 1.4.11 | C50: 92770 | D50: ARMAÇÃO DE LAJE DE ESTRUTURA CONVENCIONAL DE CONCRETO ARMADO UTILIZANDO AÇO CA-50 DE 8,0 MM - MONTAGEM. AF_06/2022 | E50: KG | F50: 13.86 | G50: 279.1 | O50: =H50+I50+J50+K50+L50+M50+N50 -> 0 | P50: =G50-O50 -> 279.1 | Q50: =F50*G50 -> 3868.326 | R50: =F50*H50 -> 0 | S50: =F50*I50 -> 0 | Y50: =R50+S50+T50+U50+V50+W50 -> 0 | Z50: =Q50-Y50 -> 3868.326 | AA50: =Y50/Q50 -> 0
B51: 1.4.12 | C51: 94966 | D51: CONCRETO FCK = 30MPA, TRAÇO 1:2,1:2,5 (EM MASSA SECA DE CIMENTO/ AREIA MÉDIA/ BRITA 1) - PREPARO MECÂNICO COM BETONEIRA 400 L. AF_05/2021 | E51: M3 | F51: 530.88 | G51: 61.56 | O51: =H51+I51+J51+K51+L51+M51+N51 -> 0 | P51: =G51-O51 -> 61.56 | Q51: =F51*G51 -> 32680.973 | R51: =F51*H51 -> 0 | S51: =F51*I51 -> 0 | Y51: =R51+S51+T51+U51+V51+W51 -> 0 | Z51: =Q51-Y51 -> 32680.973 | AA51: =Y51/Q51 -> 0
... B54: 1.4.15 | C54: 92772 | D54: ARMAÇÃO DE LAJE DE ESTRUTURA CONVENCIONAL DE CONCRETO ARMADO UTILIZANDO AÇO CA-50 DE 12,5 MM - MONTAGEM. AF_06/2022 | E54: KG | F54: 10.39 | G54: 154.8 | O54: =H54+I54+J54+K54+L54+M54+N54 -> 0 | P54: =G54-O54 -> 154.8 | Q54: =F54*G54 -> 1608.372 | R54: =F54*H54 -> 0 | S54: =F54*I54 -> 0 | Y54: =R54+S54+T54+U54+V54+W54 -> 0 | Z54: =Q54-Y54 -> 1608.372 | AA54: =Y54/Q54 -> 0
B55: 1.5 | C55: PAREDES | R55: =F55*H55 -> 0 | S55: =F55*I55 -> 0 | Y55: =R55+S55+T55+U55+V55+W55 -> 0 | Z55: =Q55-Y55 -> 0
B56: 1.5.1 | C56: 103356 | D56: ALVENARIA DE VEDAÇÃO DE BLOCOS CERÂMICOS FURADOS NA HORIZONTAL DE 9X19X29 CM (ESPESSURA 9 CM) E ARGAMASSA DE ASSENTAMENTO COM PREPARO EM BETONEIRA. AF_12/2021 | E56: M2 | F56: 46.86 | G56: 1131.99 | O56: =H56+I56+J56+K56+L56+M56+N56 -> 0 | P56: =G56-O56 -> 1131.99 | Q56: =F56*G56 -> 53045.051 | R56: =F56*H56 -> 0 | S56: =F56*I56 -> 0 | Y56: =R56+S56+T56+U56+V56+W56 -> 0 | Z56: =Q56-Y56 -> 53045.051 | AA56: =Y56/Q56 -> 0
B57: 1.5.2 | C57: 93189 | D57: VERGA MOLDADA IN LOCO EM CONCRETO PARA PORTAS COM MAIS DE 1,5 M DE VÃO. AF_03/2016 | E57: M | F57: 99.36 | G57: 64.1 | O57: =H57+I57+J57+K57+L57+M57+N57 -> 0 | P57: =G57-O57 -> 64.1 | Q57: =F57*G57 -> 6368.976 | R57: =F57*H57 -> 0 | S57: =F57*I57 -> 0 | Y57: =R57+S57+T57+U57+V57+W57 -> 0 | Z57: =Q57-Y57 -> 6368.976 | AA57: =Y57/Q57 -> 0
B58: 1.5.3 | C58: 93191 | D58: VERGA MOLDADA IN LOCO COM UTILIZAÇÃO DE BLOCOS CANALETA PARA JANELAS COM MAIS DE 1,5 M DE VÃO. AF_03/2016 | E58: M | F58: 50.71 | G58: 72.2 | O58: =H58+I58+J58+K58+L58+M58+N58 -> 0 | P58: =G58-O58 -> 72.2 | Q58: =F58*G58 -> 3661.262 | R58: =F58*H58 -> 0 | S58: =F58*I58 -> 0 | Y58: =R58+S58+T58+U58+V58+W58 -> 0 | Z58: =Q58-Y58 -> 3661.262 | AA58: =Y58/Q58 -> 0
B59: 1.5.4 | C59: 93197 | D59: CONTRAVERGA MOLDADA IN LOCO EM CONCRETO PARA VÃOS DE MAIS DE 1,5 M DE COMPRIMENTO. AF_03/2016 | E59: M | F59: 90.23 | G59: 72.2 | O59: =H59+I59+J59+K59+L59+M59+N59 -> 0 | P59: =G59-O59 -> 72.2 | Q59: =F59*G59 -> 6514.606 | R59: =F59*H59 -> 0 | S59: =F59*I59 -> 0 | Y59: =R59+S59+T59+U59+V59+W59 -> 0 | Z59: =Q59-Y59 -> 6514.606 | AA59: =Y59/Q59 -> 0
B60: 1.6 | C60: REVESTIMENTOS INTERNOS | R60: =F60*H60 -> 0 | S60: =F60*I60 -> 0 | Y60: =R60+S60+T60+U60+V60+W60 -> 0 | Z60: =Q60-Y60 -> 0
B61: 1.6.1 | C61: 87893 | D61: CHAPISCO APLICADO EM ALVENARIA (SEM PRESENÇA DE VÃOS) E ESTRUTURAS DE CONCRETO DE FACHADA, COM COLHER DE PEDREIRO. ARGAMASSA TRAÇO 1:3 COM PREPARO MANUAL. AF_10/2022 | E61: M2 | F61: 6.08 | G61: 1348.98 | O61: =H61+I61+J61+K61+L61+M61+N61 -> 0 | P61: =G61-O61 -> 1348.98 | Q61: =F61*G61 -> 8201.7984 | R61: =F61*H61 -> 0 | S61: =F61*I61 -> 0 | Y61: =R61+S61+T61+U61+V61+W61 -> 0 | Z61: =Q61-Y61 -> 8201.7984 | AA61: =Y61/Q61 -> 0
B62: 1.6.2 | C62: 87548 | D62: MASSA ÚNICA, PARA RECEBIMENTO DE PINTURA, EM ARGAMASSA TRAÇO 1:2:8, PREPARO MANUAL, APLICADA MANUALMENTE EM FACES INTERNAS DE PAREDES, ESPESSURA DE 10MM, COM EXECUÇÃO DE TALISCAS. AF_06/2014 | E62: M2 | F62: 22.4 | G62: 997.11 | O62: =H62+I62+J62+K62+L62+M62+N62 -> 0 | P62: =G62-O62 -> 997.11 | Q62: =F62*G62 -> 22335.264 | R62: =F62*H62 -> 0 | S62: =F62*I62 -> 0 | Y62: =R62+S62+T62+U62+V62+W62 -> 0 | Z62: =Q62-Y62 -> 22335.264 | AA62: =Y62/Q62 -> 0
B63: 1.6.3 | C63: 87536 | D63: EMBOÇO, PARA RECEBIMENTO DE CERÂMICA, EM ARGAMASSA TRAÇO 1:2:8, PREPARO MANUAL, APLICADO MANUALMENTE EM FACES INTERNAS DE PAREDES, PARA AMBIENTE COM ÁREA MAIOR QUE 10M2, ESPESSURA DE 20MM, COM EXECUÇÃO DE TALISCAS. AF_06/2014 | E63: M2 | F63: 31.26 | G63: 351.87 | O63: =H63+I63+J63+K63+L63+M63+N63 -> 0 | P63: =G63-O63 -> 351.87 | Q63: =F63*G63 -> 10999.456 | R63: =F63*H63 -> 0 | S63: =F63*I63 -> 0 | Y63: =R63+S63+T63+U63+V63+W63 -> 0 | Z63: =Q63-Y63 -> 10999.456 | AA63: =Y63/Q63 -> 0
B64: 1.6.4 | C64: 87275 | D64: REVESTIMENTO CERÂMICO PARA PAREDES INTERNAS COM PLACAS TIPO ESMALTADA EXTRA DE DIMENSÕES 33X45 CM APLICADAS A MEIA ALTURA DAS PAREDES. AF_02/2023_PE | E64: M2 | F64: 75.14 | G64: 351.87 | O64: =H64+I64+J64+K64+L64+M64+N64 -> 0 | P64: =G64-O64 -> 351.87 | Q64: =F64*G64 -> 26439.512 | R64: =F64*H64 -> 0 | S64: =F64*I64 -> 0 | Y64: =R64+S64+T64+U64+V64+W64 -> 0 | Z64: =Q64-Y64 -> 26439.512 | AA64: =Y64/Q64 -> 0
B65: 1.7 | C65: ESQUADRIAS | R65: =F65*H65 -> 0 | S65: =F65*I65 -> 0 | Y65: =R65+S65+T65+U65+V65+W65 -> 0 | Z65: =Q65-Y65 -> 0
B66: 1.7.1 | C66: 91315 | D66: KIT DE PORTA DE MADEIRA PARA PINTURA, SEMI-OCA (LEVE OU MÉDIA), PADRÃO POPULAR, 90X210CM, ESPESSURA DE 3,5CM, ITENS INCLUSOS: DOBRADIÇAS, MONTAGEM E INSTALAÇÃO DO BATENTE, FECHADURA COM EXECUÇÃO DO FURO - FORNECIMENTO E INSTALAÇÃO. AF_12/2019 | E66: UN | F66: 919.01 | G66: 18 | O66: =H66+I66+J66+K66+L66+M66+N66 -> 0 | P66: =G66-O66 -> 18 | Q66: =F66*G66 -> 16542.18 | R66: =F66*H66 -> 0 | S66: =F66*I66 -> 0 | Y66: =R66+S66+T66+U66+V66+W66 -> 0 | Z66: =Q66-Y66 -> 16542.18 | AA66: =Y66/Q66 -> 0
B67: 1.7.2 | C67: 94570 | D67: JANELA DE ALUMÍNIO DE CORRER COM 2 FOLHAS PARA VIDROS, COM VIDROS, BATENTE, ACABAMENTO COM ACETATO OU BRILHANTE E FERRAGENS. EXCLUSIVE ALIZAR E CONTRAMARCO. FORNECIMENTO E INSTALAÇÃO. AF_12/2019 | E67: M2 | F67: 960.32 | G67: 49.7 | O67: =H67+I67+J67+K67+L67+M67+N67 -> 0 | P67: =G67-O67 -> 49.7 | Q67: =F67*G67 -> 47727.904 | R67: =F67*H67 -> 0 | S67: =F67*I67 -> 0 | Y67: =R67+S67+T67+U67+V67+W67 -> 0 | Z67: =Q67-Y67 -> 47727.904 | AA67: =Y67/Q67 -> 0
B68: 1.7.3 | C68: 100689 | D68: KIT DE PORTA DE MADEIRA FRISADA, SEMI-OCA (LEVE OU MÉDIA), PADRÃO MÉDIO, 80X210CM, ESPESSURA DE 3,5CM, ITENS INCLUSOS: DOBRADIÇAS, MONTAGEM E INSTALAÇÃO DE BATENTE, FECHADURA COM EXECUÇÃO DO FURO - FORNECIMENTO E INSTALAÇÃO. AF_12/2019 | E68: UN | F68: 1069.74 | G68: 5 | O68: =H68+I68+J68+K68+L68+M68+N68 -> 0 | P68: =G68-O68 -> 5 | Q68: =F68*G68 -> 5348.7 | R68: =F68*H68 -> 0 | S68: =F68*I68 -> 0 | Y68: =R68+S68+T68+U68+V68+W68 -> 0 | Z68: =Q68-Y68 -> 5348.7 | AA68: =Y68/Q68 -> 0
B69: 1.7.4 | C69: composição 3 | D69: PORTA EM MADEIRA , LISA, SEMI-ÔCA, 1.46 X 2.10 M, COM DUAS FOLHAS, INCLUSIVE BATENTES E FERRAGENS - REV 02[ADAPTADO DE ORSE 7149] | E69: UND | F69: 2030.34 | G69: 1 | O69: =H69+I69+J69+K69+L69+M69+N69 -> 0 | P69: =G69-O69 -> 1 | Q69: =F69*G69 -> 2030.34 | R69: =F69*H69 -> 0 | S69: =F69*I69 -> 0 | Y69: =R69+S69+T69+U69+V69+W69 -> 0 | Z69: =Q69-Y69 -> 2030.34 | AA69: =Y69/Q69 -> 0
B70: 1.7.5 | C70: composição 4 | D70: PORTÃO EM ALUMÍNIO, COR N/B/P, EM PERFÍS BÚZIO QUADRADO OU LAMBRIL, COMPLETO INCLUSIVE RODÍZIOS, PERFÍS E FECHADURA- ORSE - ORSE 11955 | E70: UND | F70: 4697.45 | G70: 3 | O70: =H70+I70+J70+K70+L70+M70+N70 -> 0 | P70: =G70-O70 -> 3 | Q70: =F70*G70 -> 14092.35 | R70: =F70*H70 -> 0 | S70: =F70*I70 -> 0 | Y70: =R70+S70+T70+U70+V70+W70 -> 0 | Z70: =Q70-Y70 -> 14092.35 | AA70: =Y70/Q70 -> 0
B71: 1.7.6 | C71: 91341 | D71: PORTA EM ALUMÍNIO DE ABRIR TIPO VENEZIANA COM GUARNIÇÃO, FIXAÇÃO COM PARAFUSOS - FORNECIMENTO E INSTALAÇÃO. AF_12/2019 | E71: M2 | F71: 976.37 | G71: 12.96 | O71: =H71+I71+J71+K71+L71+M71+N71 -> 0 | P71: =G71-O71 -> 12.96 | Q71: =F71*G71 -> 12653.755 | R71: =F71*H71 -> 0 | S71: =F71*I71 -> 0 | Y71: =R71+S71+T71+U71+V71+W71 -> 0 | Z71: =Q71-Y71 -> 12653.755 | AA71: =Y71/Q71 -> 0
B72: 1.7.7 | C72: 100702 | D72: PORTA DE CORRER DE ALUMÍNIO, COM DUAS FOLHAS PARA VIDRO, INCLUSO VIDRO LISO INCOLOR, FECHADURA E PUXADOR, SEM ALIZAR. AF_12/2019 | E72: M2 | F72: 579.9 | G72: 19.96 | O72: =H72+I72+J72+K72+L72+M72+N72 -> 0 | P72: =G72-O72 -> 19.96 | Q72: =F72*G72 -> 11574.804 | R72: =F72*H72 -> 0 | S72: =F72*I72 -> 0 | Y72: =R72+S72+T72+U72+V72+W72 -> 0 | Z72: =Q72-Y72 -> 11574.804 | AA72: =Y72/Q72 -> 0
B73: 1.7.8 | C73: 90831 | D73: FECHADURA DE EMBUTIR PARA PORTA DE BANHEIRO, COMPLETA, ACABAMENTO PADRÃO MÉDIO, INCLUSO EXECUÇÃO DE FURO - FORNECIMENTO E INSTALAÇÃO. AF_12/2019 | E73: UN | F73: 137.3 | G73: 8 | O73: =H73+I73+J73+K73+L73+M73+N73 -> 0 | P73: =G73-O73 -> 8 | Q73: =F73*G73 -> 1098.4 | R73: =F73*H73 -> 0 | S73: =F73*I73 -> 0 | Y73: =R73+S73+T73+U73+V73+W73 -> 0 | Z73: =Q73-Y73 -> 1098.4 | AA73: =Y73/Q73 -> 0
B74: 1.8 | C74: PINTURA | R74: =F74*H74 -> 0 | S74: =F74*I74 -> 0 | Y74: =R74+S74+T74+U74+V74+W74 -> 0 | Z74: =Q74-Y74 -> 0
B75: 1.8.1 | C75: 88485 | D75: APLICAÇÃO DE FUNDO SELADOR ACRÍLICO EM PAREDES, UMA DEMÃO. AF_06/2014 | E75: M2 | F75: 2.74 | G75: 997.11 | O75: =H75+I75+J75+K75+L75+M75+N75 -> 0 | P75: =G75-O75 -> 997.11 | Q75: =F75*G75 -> 2732.0814 | R75: =F75*H75 -> 0 | S75: =F75*I75 -> 0 | Y75: =R75+S75+T75+U75+V75+W75 -> 0 | Z75: =Q75-Y75 -> 2732.0814 | AA75: =Y75/Q75 -> 0
B76: 1.8.2 | C76: 88495 | D76: APLICAÇÃO E LIXAMENTO DE MASSA LÁTEX EM PAREDES, UMA DEMÃO. AF_06/2014 | E76: M2 | F76: 9.86 | G76: 997.11 | O76: =H76+I76+J76+K76+L76+M76+N76 -> 0 | P76: =G76-O76 -> 997.11 | Q76: =F76*G76 -> 9831.5046 | R76: =F76*H76 -> 0 | S76: =F76*I76 -> 0 | Y76: =R76+S76+T76+U76+V76+W76 -> 0 | Z76: =Q76-Y76 -> 9831.5046 | AA76: =Y76/Q76 -> 0
B77: 1.8.3 | C77: 88489 | D77: APLICAÇÃO MANUAL DE PINTURA COM TINTA LÁTEX ACRÍLICA EM PAREDES, DUAS DEMÃOS. AF_06/2014 | E77: M2 | F77: 12.16 | G77: 997.11 | O77: =H77+I77+J77+K77+L77+M77+N77 -> 0 | P77: =G77-O77 -> 997.11 | Q77: =F77*G77 -> 12124.858 | R77: =F77*H77 -> 0 | S77: =F77*I77 -> 0 | Y77: =R77+S77+T77+U77+V77+W77 -> 0 | Z77: =Q77-Y77 -> 12124.858 | AA77: =Y77/Q77 -> 0
B78: 1.8.4 | C78: 88484 | D78: APLICAÇÃO DE FUNDO SELADOR ACRÍLICO EM TETO, UMA DEMÃO. AF_06/2014 | E78: M2 | F78: 3.1 | G78: 634.5 | O78: =H78+I78+J78+K78+L78+M78+N78 -> 0 | P78: =G78-O78 -> 634.5 | Q78: =F78*G78 -> 1966.95 | R78: =F78*H78 -> 0 | S78: =F78*I78 -> 0 | Y78: =R78+S78+T78+U78+V78+W78 -> 0 | Z78: =Q78-Y78 -> 1966.95 | AA78: =Y78/Q78 -> 0
B79: 1.8.5 | C79: 88494 | D79: APLICAÇÃO E LIXAMENTO DE MASSA LÁTEX EM TETO, UMA DEMÃO. AF_06/2014 | E79: M2 | F79: 17.43 | G79: 634.5 | O79: =H79+I79+J79+K79+L79+M79+N79 -> 0 | P79: =G79-O79 -> 634.5 | Q79: =F79*G79 -> 11059.335 | R79: =F79*H79 -> 0 | S79: =F79*I79 -> 0 | Y79: =R79+S79+T79+U79+V79+W79 -> 0 | Z79: =Q79-Y79 -> 11059.335 | AA79: =Y79/Q79 -> 0
B80: 1.8.6 | C80: 88488 | D80: APLICAÇÃO MANUAL DE PINTURA COM TINTA LÁTEX ACRÍLICA EM TETO, DUAS DEMÃOS. AF_06/2014 | E80: M2 | F80: 13.74 | G80: 634.5 | O80: =H80+I80+J80+K80+L80+M80+N80 -> 0 | P80: =G80-O80 -> 634.5 | Q80: =F80*G80 -> 8718.03 | R80: =F80*H80 -> 0 | S80: =F80*I80 -> 0 | Y80: =R80+S80+T80+U80+V80+W80 -> 0 | Z80: =Q80-Y80 -> 8718.03 | AA80: =Y80/Q80 -> 0
B81: 1.9 | C81: REVESTIMENTOS EXTERNOS | R81: =F81*H81 -> 0 | S81: =F81*I81 -> 0 | Y81: =R81+S81+T81+U81+V81+W81 -> 0 | Z81: =Q81-Y81 -> 0
B82: 1.9.1 | C82: 87894 | D82: CHAPISCO APLICADO EM ALVENARIA (SEM PRESENÇA DE VÃOS) E ESTRUTURAS DE CONCRETO DE FACHADA, COM COLHER DE PEDREIRO. ARGAMASSA TRAÇO 1:3 COM PREPARO EM BETONEIRA 400L. AF_10/2022 | E82: M2 | F82: 5.72 | G82: 466.37 | O82: =H82+I82+J82+K82+L82+M82+N82 -> 0 | P82: =G82-O82 -> 466.37 | Q82: =F82*G82 -> 2667.6364 | R82: =F82*H82 -> 0 | S82: =F82*I82 -> 0 | Y82: =R82+S82+T82+U82+V82+W82 -> 0 | Z82: =Q82-Y82 -> 2667.6364 | AA82: =Y82/Q82 -> 0
B83: 1.9.2 | C83: 104233 | D83: EMBOÇO OU MASSA ÚNICA EM ARGAMASSA TRAÇO 1:2:8, PREPARO MECÂNICA COM BETONEIRA 400 L, APLICADA MANUALMENTE EM PANOS DE FACHADA SEM PRESENÇA DE VÃOS, ESPESSURA DE 25 MM, ACESSO POR ANDAIME. AF_08/2022 | E83: M2 | F83: 31.53 | G83: 466.37 | O83: =H83+I83+J83+K83+L83+M83+N83 -> 0 | P83: =G83-O83 -> 466.37 | Q83: =F83*G83 -> 14704.646 | R83: =F83*H83 -> 0 | S83: =F83*I83 -> 0 | Y83: =R83+S83+T83+U83+V83+W83 -> 0 | Z83: =Q83-Y83 -> 14704.646 | AA83: =Y83/Q83 -> 0
B84: 1.9.3 | C84: composição 6 | D84: REVESTIMENTO PORCELANATO MADEIRADO PARA PAREDES COM PLACAS TIPO ESMALTADA EXTRA DE DIMENSÕES 20X120 CM [ADAPTADO SINAPI 87244] | E84: M2 | F84: 154.75 | G84: 32.5 | O84: =H84+I84+J84+K84+L84+M84+N84 -> 0 | P84: =G84-O84 -> 32.5 | Q84: =F84*G84 -> 5029.375 | R84: =F84*H84 -> 0 | S84: =F84*I84 -> 0 | Y84: =R84+S84+T84+U84+V84+W84 -> 0 | Z84: =Q84-Y84 -> 5029.375 | AA84: =Y84/Q84 -> 0
B85: 1.9.4 | C85: composição 7 | D85: REVESTIMENTO PORCELANATO MARMORIZADO PARA PAREDES E PISO COM PLACAS TIPO ESMALTADA EXTRA DE DIMENSÕES 80X80 CM [ADAPTADO SINAPI 87244] | E85: M² | F85: 228.6 | G85: 29.5 | O85: =H85+I85+J85+K85+L85+M85+N85 -> 0 | P85: =G85-O85 -> 29.5 | Q85: =F85*G85 -> 6743.7 | R85: =F85*H85 -> 0 | S85: =F85*I85 -> 0 | Y85: =R85+S85+T85+U85+V85+W85 -> 0 | Z85: =Q85-Y85 -> 6743.7 | AA85: =Y85/Q85 -> 0
B86: 1.9.5 | C86: 88485 | D86: APLICAÇÃO DE FUNDO SELADOR ACRÍLICO EM PAREDES, UMA DEMÃO. AF_06/2014 | E86: M2 | F86: 2.74 | G86: 404.37 | O86: =H86+I86+J86+K86+L86+M86+N86 -> 0 | P86: =G86-O86 -> 404.37 | Q86: =F86*G86 -> 1107.9738 | R86: =F86*H86 -> 0 | S86: =F86*I86 -> 0 | Y86: =R86+S86+T86+U86+V86+W86 -> 0 | Z86: =Q86-Y86 -> 1107.9738 | AA86: =Y86/Q86 -> 0
B87: 1.9.6 | C87: 96130 | D87: APLICAÇÃO MANUAL DE MASSA ACRÍLICA EM PAREDES EXTERNAS DE CASAS, UMA DEMÃO. AF_05/2017 | E87: M2 | F87: 17.11 | G87: 404.37 | O87: =H87+I87+J87+K87+L87+M87+N87 -> 0 | P87: =G87-O87 -> 404.37 | Q87: =F87*G87 -> 6918.7707 | R87: =F87*H87 -> 0 | S87: =F87*I87 -> 0 | Y87: =R87+S87+T87+U87+V87+W87 -> 0 | Z87: =Q87-Y87 -> 6918.7707 | AA87: =Y87/Q87 -> 0
B88: 1.9.7 | C88: 88489 | D88: APLICAÇÃO MANUAL DE PINTURA COM TINTA LÁTEX ACRÍLICA EM PAREDES, DUAS DEMÃOS. AF_06/2014 | E88: M2 | F88: 12.16 | G88: 404.37 | O88: =H88+I88+J88+K88+L88+M88+N88 -> 0 | P88: =G88-O88 -> 404.37 | Q88: =F88*G88 -> 4917.1392 | R88: =F88*H88 -> 0 | S88: =F88*I88 -> 0 | Y88: =R88+S88+T88+U88+V88+W88 -> 0 | Z88: =Q88-Y88 -> 4917.1392 | AA88: =Y88/Q88 -> 0
B89: 1.1 | C89: INSTALAÇÃO ELÉTRICA | R89: =F89*H89 -> 0 | S89: =F89*I89 -> 0 | Y89: =R89+S89+T89+U89+V89+W89 -> 0 | Z89: =Q89-Y89 -> 0
B90: 1.10.1 | C90: 92868 | D90: CAIXA RETANGULAR 4" X 2" MÉDIA (1,30 M DO PISO), METÁLICA, INSTALADA EM PAREDE - FORNECIMENTO E INSTALAÇÃO. AF_03/2023 | E90: UN | F90: 13.45 | G90: 117 | O90: =H90+I90+J90+K90+L90+M90+N90 -> 0 | P90: =G90-O90 -> 117 | Q90: =F90*G90 -> 1573.65 | R90: =F90*H90 -> 0 | S90: =F90*I90 -> 0 | Y90: =R90+S90+T90+U90+V90+W90 -> 0 | Z90: =Q90-Y90 -> 1573.65 | AA90: =Y90/Q90 -> 0
B91: 1.10.2 | C91: 91937 | D91: CAIXA OCTOGONAL 3" X 3", PVC, INSTALADA EM LAJE - FORNECIMENTO E INSTALAÇÃO. AF_03/2023 | E91: UN | F91: 11.14 | G91: 76 | O91: =H91+I91+J91+K91+L91+M91+N91 -> 0 | P91: =G91-O91 -> 76 | Q91: =F91*G91 -> 846.64 | R91: =F91*H91 -> 0 | S91: =F91*I91 -> 0 | Y91: =R91+S91+T91+U91+V91+W91 -> 0 | Z91: =Q91-Y91 -> 846.64 | AA91: =Y91/Q91 -> 0
B92: 1.10.3 | C92: 91924 | D92: CABO DE COBRE FLEXÍVEL ISOLADO, 1,5 MM², ANTI-CHAMA 450/750 V, PARA CIRCUITOS TERMINAIS - FORNECIMENTO E INSTALAÇÃO. AF_03/2023 | E92: M | F92: 2.7 | G92: 1253.8 | O92: =H92+I92+J92+K92+L92+M92+N92 -> 0 | P92: =G92-O92 -> 1253.8 | Q92: =F92*G92 -> 3385.26 | R92: =F92*H92 -> 0 | S92: =F92*I92 -> 0 | Y92: =R92+S92+T92+U92+V92+W92 -> 0 | Z92: =Q92-Y92 -> 3385.26 | AA92: =Y92/Q92 -> 0
B93: 1.10.4 | C93: 91926 | D93: CABO DE COBRE FLEXÍVEL ISOLADO, 2,5 MM², ANTI-CHAMA 450/750 V, PARA CIRCUITOS TERMINAIS - FORNECIMENTO E INSTALAÇÃO. AF_03/2023 | E93: M | F93: 3.98 | G93: 1496.3 | O93: =H93+I93+J93+K93+L93+M93+N93 -> 0 | P93: =G93-O93 -> 1496.3 | Q93: =F93*G93 -> 5955.274 | R93: =F93*H93 -> 0 | S93: =F93*I93 -> 0 | Y93: =R93+S93+T93+U93+V93+W93 -> 0 | Z93: =Q93-Y93 -> 5955.274 | AA93: =Y93/Q93 -> 0
B94: 1.10.5 | C94: 91928 | D94: CABO DE COBRE FLEXÍVEL ISOLADO, 4 MM², ANTI-CHAMA 450/750 V, PARA CIRCUITOS TERMINAIS - FORNECIMENTO E INSTALAÇÃO. AF_03/2023 | E94: M | F94: 6.23 | G94: 284.6 | O94: =H94+I94+J94+K94+L94+M94+N94 -> 0 | P94: =G94-O94 -> 284.6 | Q94: =F94*G94 -> 1773.058 | R94: =F94*H94 -> 0 | S94: =F94*I94 -> 0 | Y94: =R94+S94+T94+U94+V94+W94 -> 0 | Z94: =Q94-Y94 -> 1773.058 | AA94: =Y94/Q94 -> 0
B95: 1.10.6 | C95: 91931 | D95: CABO DE COBRE FLEXÍVEL ISOLADO, 6 MM², ANTI-CHAMA 0,6/1,0 KV, PARA CIRCUITOS TERMINAIS - FORNECIMENTO E INSTALAÇÃO. AF_03/2023 | E95: M | F95: 9.51 | G95: 224 | O95: =H95+I95+J95+K95+L95+M95+N95 -> 0 | P95: =G95-O95 -> 224 | Q95: =F95*G95 -> 2130.24 | R95: =F95*H95 -> 0 | S95: =F95*I95 -> 0 | Y95: =R95+S95+T95+U95+V95+W95 -> 0 | Z95: =Q95-Y95 -> 2130.24 | AA95: =Y95/Q95 -> 0
B96: 1.10.7 | C96: 39773 | D96: CAIXA DE PASSAGEM METALICA DE SOBREPOR COM TAMPA PARAFUSADA, DIMENSOES 40 X 40 X 15 CM | E96: UN | F96: 101.17 | G96: 2 | O96: =H96+I96+J96+K96+L96+M96+N96 -> 0 | P96: =G96-O96 -> 2 | Q96: =F96*G96 -> 202.34 | R96: =F96*H96 -> 0 | S96: =F96*I96 -> 0 | Y96: =R96+S96+T96+U96+V96+W96 -> 0 | Z96: =Q96-Y96 -> 202.34 | AA96: =Y96/Q96 -> 0
B97: 1.10.8 | C97: 101890 | D97: DISJUNTOR MONOPOLAR TIPO NEMA, CORRENTE NOMINAL DE 10 ATÉ 30A - FORNECIMENTO E INSTALAÇÃO. AF_10/2020 | E97: UN | F97: 15.35 | G97: 19 | O97: =H97+I97+J97+K97+L97+M97+N97 -> 0 | P97: =G97-O97 -> 19 | Q97: =F97*G97 -> 291.65 | R97: =F97*H97 -> 0 | S97: =F97*I97 -> 0 | Y97: =R97+S97+T97+U97+V97+W97 -> 0 | Z97: =Q97-Y97 -> 291.65 | AA97: =Y97/Q97 -> 0
B98: 1.10.9 | C98: 93670 | D98: DISJUNTOR TRIPOLAR TIPO DIN, CORRENTE NOMINAL DE 25A - FORNECIMENTO E INSTALAÇÃO. AF_10/2020 | E98: UN | F98: 73.97 | G98: 1 | O98: =H98+I98+J98+K98+L98+M98+N98 -> 0 | P98: =G98-O98 -> 1 | Q98: =F98*G98 -> 73.97 | R98: =F98*H98 -> 0 | S98: =F98*I98 -> 0 | Y98: =R98+S98+T98+U98+V98+W98 -> 0 | Z98: =Q98-Y98 -> 73.97 | AA98: =Y98/Q98 -> 0
B99: 1.10.10 | C99: 93671 | D99: DISJUNTOR TRIPOLAR TIPO DIN, CORRENTE NOMINAL DE 32A - FORNECIMENTO E INSTALAÇÃO. AF_10/2020 | E99: UN | F99: 77.57 | G99: 1 | O99: =H99+I99+J99+K99+L99+M99+N99 -> 0 | P99: =G99-O99 -> 1 | Q99: =F99*G99 -> 77.57 | R99: =F99*H99 -> 0 | S99: =F99*I99 -> 0 | Y99: =R99+S99+T99+U99+V99+W99 -> 0 | Z99: =Q99-Y99 -> 77.57 | AA99: =Y99/Q99 -> 0
B100: 1.10.11 | C100: 39466 | D100: DISPOSITIVO DPS CLASSE II, 1 POLO, TENSAO MAXIMA DE 175 V, CORRENTE MAXIMA DE *30* KA (TIPO AC) | E100: UN | F100: 74.81 | G100: 6 | O100: =H100+I100+J100+K100+L100+M100+N100 -> 0 | P100: =G100-O100 -> 6 | Q100: =F100*G100 -> 448.86 | R100: =F100*H100 -> 0 | S100: =F100*I100 -> 0 | Y100: =R100+S100+T100+U100+V100+W100 -> 0 | Z100: =Q100-Y100 -> 448.86 | AA100: =Y100/Q100 -> 0
B101: 1.10.12 | C101: 39445 | D101: DISPOSITIVO DR, 2 POLOS, SENSIBILIDADE DE 30 MA, CORRENTE DE 25 A, TIPO AC | E101: UN | F101: 136.8 | G101: 1 | O101: =H101+I101+J101+K101+L101+M101+N101 -> 0 | P101: =G101-O101 -> 1 | Q101: =F101*G101 -> 136.8 | R101: =F101*H101 -> 0 | S101: =F101*I101 -> 0 | Y101: =R101+S101+T101+U101+V101+W101 -> 0 | Z101: =Q101-Y101 -> 136.8 | AA101: =Y101/Q101 -> 0
... B117: 1.10.28 | C117: 92023 | D117: INTERRUPTOR SIMPLES (1 MÓDULO) COM 1 TOMADA DE EMBUTIR 2P+T 10 A, INCLUINDO SUPORTE E PLACA - FORNECIMENTO E INSTALAÇÃO. AF_03/2023 | E117: UN | F117: 43.88 | G117: 5 | O117: =H117+I117+J117+K117+L117+M117+N117 -> 0 | P117: =G117-O117 -> 5 | Q117: =F117*G117 -> 219.4 | R117: =F117*H117 -> 0 | S117: =F117*I117 -> 0 | Y117: =R117+S117+T117+U117+V117+W117 -> 0 | Z117: =Q117-Y117 -> 219.4 | AA117: =Y117/Q117 -> 0
B118: 1.11 | C118: PISOS | R118: =F118*H118 -> 0 | S118: =F118*I118 -> 0 | Y118: =R118+S118+T118+U118+V118+W118 -> 0 | Z118: =Q118-Y118 -> 0
B119: 1.11.1 | C119: 96620 | D119: LASTRO DE CONCRETO MAGRO, APLICADO EM PISOS, LAJES SOBRE SOLO OU RADIERS. AF_08/2017 | E119: M3 | F119: 593.44 | G119: 31.73 | O119: =H119+I119+J119+K119+L119+M119+N119 -> 0 | P119: =G119-O119 -> 31.73 | Q119: =F119*G119 -> 18829.851 | R119: =F119*H119 -> 0 | S119: =F119*I119 -> 0 | Y119: =R119+S119+T119+U119+V119+W119 -> 0 | Z119: =Q119-Y119 -> 18829.851 | AA119: =Y119/Q119 -> 0
...

Sheet MEMORIAL DE CALCULO 01
B2: BOLETIM DE MEDIÇÃO 01 - MEMORIAL DE CÁLCULO
B3: OBJETO: | I3: CONTRATO: | J3: VALOR CONTRATADO:
B4: CONSTRUÇÃO DA CASA DE ACOLHIMENTO PARA CRIANÇAS E ADOCESLENTES, "CASA LAR", NO MUNICÍPIO DE SOUSA/PB. | I4: 682/2023 | J4: 1240378.4
B5: EMPRESA CONTRATADA: | E5: CNPJ: | I5: CONTRATANTE:
B6: ALX CONSTRUÇÕES E LOCAÇÕES | E6: 17.490.708/0001-70 | I6: PREFEITURA MUNICIPAL DE SOUSA
B7: DATA | D7: PERÍODO DA MEDIÇÃO | E7: VALOR DA MEDIÇÃO: | H7: VALOR ACUMULADO ANTERIOR: | J7: MEDIÇÃO:
B8: 45281 | D8: 21/11/2023 a 21/12/2023 | E8: ='BOLETIM DE MEDIÇÃO 02'!E8 -> 61443.008 | H8: ='BOLETIM DE MEDIÇÃO 02'!H8 -> 66571.965 | J8: 01
B10: ITEM | C10: CÓDIGO | D10: DESCRIÇÃO | E10: UND | F10: VEZ | G10: DADOS | J10: RESULTADO
G11: L | H11: C | I11: H | J11: ACUMULADO ANTERIOR | K11: PARCIAL | L11: TOTAL | M11: CONTRATADO | N11: SALDO
B12: 1 | C12: CONSTRUÇÃO DA CASA DE ACOLHIMENTO PARA CRIANÇAS E ADOLESCENTES - CASA LAR, NO MUNICÍPIO DE SOUSA - PB
B13: 1.1 | C13: SERVIÇOS PRELIMINARES
B14: 1.1.1 | C14: composição 1 | D14: PLACA DE OBRA EM CHAPA DE ACO GALVANIZADO [ADAPTADO SINAPI 74209/01] | E14: M2 | F14: 1 | G14: 2 | I14: 3 | J14: ='BOLETIM DE MEDIÇÃO 02'!O14-'MEMORIAL DE CALCULO 01'!K14 -> 0 | K14: =G14*I14*F14 -> 6 | L14: =J14+K14 -> 6 | M14: ='BOLETIM DE MEDIÇÃO 02'!G14 -> 6 | N14: =M14-L14 -> 0
B15: 1.1.2 | C15: 93209 | D15: EXECUÇÃO DE ALMOXARIFADO EM CANTEIRO DE OBRA EM ALVENARIA, INCLUSO PRATELEIRAS. AF_02/2016 | E15: M2 | F15: 1 | G15: 2 | H15: 2.5 | J15: ='BOLETIM DE MEDIÇÃO 02'!O15-'MEMORIAL DE CALCULO 01'!K15 -> 0 | K15: =F15*G15*H15 -> 5 | L15: =J15+K15 -> 5 | M15: ='BOLETIM DE MEDIÇÃO 02'!G15 -> 5 | N15: =M15-L15 -> 0
B16: 1.1.3 | C16: 93206 | D16: EXECUÇÃO DE ESCRITÓRIO EM CANTEIRO DE OBRA EM ALVENARIA, NÃO INCLUSO MOBILIÁRIO E EQUIPAMENTOS. AF_02/2016 | E16: M2 | F16: 1 | G16: 2 | H16: 2.5 | J16: ='BOLETIM DE MEDIÇÃO 02'!O16-'MEMORIAL DE CALCULO 01'!K16 -> 0 | K16: =F16*G16*H16 -> 5 | L16: =J16+K16 -> 5 | M16: ='BOLETIM DE MEDIÇÃO 02'!G16 -> 5 | N16: =M16-L16 -> 0
B17: 1.1.4 | C17: composição 11 | D17: Tapume em chapa compensada esp = 10mm (1 uso). [ADAPTADO ORSE 53] | E17: M2 | J17: ='BOLETIM DE MEDIÇÃO 02'!O17-'MEMORIAL DE CALCULO 01'!K17 -> 0 | K17: =K20 -> 277.4 | L17: =J17+K17 -> 277.4 | M17: ='BOLETIM DE MEDIÇÃO 02'!G17 -> 277.4 | N17: =M17-L17 -> 0
B18: 1.1.5 | C18: 98524 | D18: LIMPEZA MANUAL DE VEGETAÇÃO EM TERRENO COM ENXADA.AF_05/2018 | E18: M2 | J18: ='BOLETIM DE MEDIÇÃO 02'!O18-'MEMORIAL DE CALCULO 01'!K18 -> 0 | L18: =J18+K18 -> 0 | M18: ='BOLETIM DE MEDIÇÃO 02'!G18 -> 1430.2 | N18: =M18-L18 -> 1430.2
B19: 1.1.6 | C19: 100575 | D19: REGULARIZAÇÃO DE SUPERFÍCIES COM MOTONIVELADORA. AF_11/2019 | E19: M2 | J19: ='BOLETIM DE MEDIÇÃO 02'!O19-'MEMORIAL DE CALCULO 01'!K19 -> 0 | L19: =J19+K19 -> 0 | M19: ='BOLETIM DE MEDIÇÃO 02'!G19 -> 1430.2 | N19: =M19-L19 -> 1430.2
D20: PERÍMETRO DA INTERVENÇÃO | F20: 1 | G20: 146 | H20: 1.9 | K20: =F20*G20*H20 -> 277.4
B21: 1.2 | C21: MOVIMENTO DE TERRA
B22: 1.2.1 | C22: 99059 | D22: LOCACAO CONVENCIONAL DE OBRA, UTILIZANDO GABARITO DE TÁBUAS CORRIDAS PONTALETADAS A CADA 2,00M - 2 UTILIZAÇÕES. AF_10/2018 | E22: M | F22: 1 | G22: 137.5 | J22: ='BOLETIM DE MEDIÇÃO 02'!O21-'MEMORIAL DE CALCULO 01'!K22 -> 0 | K22: =F22*G22 -> 137.5 | L22: =J22+K22 -> 137.5 | M22: ='BOLETIM DE MEDIÇÃO 02'!G21 -> 137.5 | N22: =M22-L22 -> 0
B23: 1.2.2 | C23: 93358 | D23: ESCAVAÇÃO MANUAL DE VALA COM PROFUNDIDADE MENOR OU IGUAL A 1,30 M. AF_02/2021 | E23: M3 | J23: ='BOLETIM DE MEDIÇÃO 02'!O22-'MEMORIAL DE CALCULO 01'!K23 -> 1.20537 | K23: =SUM(K24:K30) -> 69.93925 | L23: =J23+K23 -> 71.14462 | M23: ='BOLETIM DE MEDIÇÃO 02'!G22 -> 89.01 | N23: =M23-L23 -> 17.86538
D24: S46=S52=S53=S54=S55=S56=S57=S58=S59=S60=S61=S62=S63=S64=S65=S66=S68=S69=S70=S71=S72=S74=S76=S77=S78=S79=S80=S84=S85=S86=S87=S88 | F24: 32 | G24: 0.6 | H24: 0.7 | I24: 1.85 | K24: =F24*(G24*H24*I24) -> 24.864
D25: S1=S2=S3=S4=S6=S8=S9=S10=S11=S12=S13=S14=S15=S16=S17=S21=S22=S23=S24=S25=S26=S27=S28=S29=S30=S31=S32=S36=S37=S38=S39=S40=S41=S42=S43=S44=S47=S48=S49=S50=S51 | F25: 40 | G25: 0.6 | H25: 0.7 | I25: 1.85 | K25: =F25*(G25*H25*I25) -> 31.08
D26: S33 | F26: 1 | G26: 0.6 | H26: 0.8 | I26: 1.85 | K26: =F26*(G26*H26*I26) -> 0.888
D27: S7=S83 | F27: 2 | G27: 0.9 | H27: 0.9 | I27: 1.85 | K27: =F27*(G27*H27*I27) -> 2.997
D28: S5=S18=S19=S20=S35=S45=S75 | F28: 7 | G28: 0.65 | H28: 0.65 | I28: 1.85 | K28: =F28*(G28*H28*I28) -> 5.471375
D29: S34=S67=S73 | F29: 3 | G29: 0.65 | H29: 0.75 | I29: 1.85 | K29: =F29*(G29*H29*I29) -> 2.705625
D30: S81=S82 | F30: 2 | G30: 0.55 | H30: 0.95 | I30: 1.85 | K30: =F30*(G30*H30*I30) -> 1.93325
B31: 1.2.3 | C31: 96995 | D31: REATERRO MANUAL APILOADO COM SOQUETE. AF_10/2017 | E31: M3 | J31: ='BOLETIM DE MEDIÇÃO 02'!O23-'MEMORIAL DE CALCULO 01'!K31 -> 0 | L31: =J31+K31 -> 0 | M31: ='BOLETIM DE MEDIÇÃO 02'!G23 -> 44.26 | N31: =M31-L31 -> 44.26
B32: 1.2.4 | C32: 94319 | D32: ATERRO MANUAL DE VALAS COM SOLO ARGILO-ARENOSO E COMPACTAÇÃO MECANIZADA. AF_05/2016 | E32: M3 | J32: ='BOLETIM DE MEDIÇÃO 02'!O24-'MEMORIAL DE CALCULO 01'!K32 -> 0 | L32: =J32+K32 -> 0 | M32: ='BOLETIM DE MEDIÇÃO 02'!G24 -> 93.63 | N32: =M32-L32 -> 93.63
B33: 1.3 | C33: FUNDAÇÃO
B34: 1.3.1 | C34: composição 12 | D34: ALVENARIA DE EMBASAMENTO COM BLOCO CERÂMICO DE 9X14X19CM E ARGAMASSA DE ASSENTAMENTO COM PREPARO EM BETONEIRA. AF_05/2020. [ADAPTADO SINAPI 101166] | E34: M3 | J34: ='BOLETIM DE MEDIÇÃO 02'!O26-'MEMORIAL DE CALCULO 01'!K34 -> 7.34341 | L34: =J34+K34 -> 7.34341 | M34: ='BOLETIM DE MEDIÇÃO 02'!G26 -> 13.99 | N34: =M34-L34 -> 6.64659
B35: 1.3.2 | C35: 101616 | D35: PREPARO DE FUNDO DE VALA COM LARGURA MENOR QUE 1,5 M (ACERTO DO SOLO NATURAL). AF_08/2020 | E35: M2 | J35: ='BOLETIM DE MEDIÇÃO 02'!O27-'MEMORIAL DE CALCULO 01'!K35 -> 37.81 | L35: =J35+K35 -> 37.81 | M35: ='BOLETIM DE MEDIÇÃO 02'!G27 -> 37.81 | N35: =M35-L35 -> 0
B36: 1.3.3 | C36: 96619 | D36: LASTRO DE CONCRETO MAGRO, APLICADO EM BLOCOS DE COROAMENTO OU SAPATAS, ESPESSURA DE 5 CM. AF_08/2017 | E36: M2 | J36: ='BOLETIM DE MEDIÇÃO 02'!O28-'MEMORIAL DE CALCULO 01'!K36 -> 37.81 | L36: =J36+K36 -> 37.81 | M36: ='BOLETIM DE MEDIÇÃO 02'!G28 -> 77.41 | N36: =M36-L36 -> 39.6
B37: 1.3.4 | C37: 96545 | D37: ARMAÇÃO DE BLOCO, VIGA BALDRAME OU SAPATA UTILIZANDO AÇO CA-50 DE 8 MM - MONTAGEM. AF_06/2017 | E37: KG | J37: ='BOLETIM DE MEDIÇÃO 02'!O29-'MEMORIAL DE CALCULO 01'!K37 -> 44.52045 | L37: =J37+K37 -> 44.52045 | M37: ='BOLETIM DE MEDIÇÃO 02'!G29 -> 537.3 | N37: =M37-L37 -> 492.77955
B38: 1.3.5 | C38: 94966 | D38: CONCRETO FCK = 30MPA, TRAÇO 1:2,1:2,5 (EM MASSA SECA DE CIMENTO/ AREIA MÉDIA/ BRITA 1) - PREPARO MECÂNICO COM BETONEIRA 400 L. AF_05/2021 | E38: M3 | J38: ='BOLETIM DE MEDIÇÃO 02'!O30-'MEMORIAL DE CALCULO 01'!K38 -> 8.413055 | L38: =J38+K38 -> 8.413055 | M38: ='BOLETIM DE MEDIÇÃO 02'!G30 -> 21.16 | N38: =M38-L38 -> 12.746945
B39: 1.3.6 | C39: 94964 | D39: CONCRETO FCK = 20MPA, TRAÇO 1:2,7:3 (EM MASSA SECA DE CIMENTO/ AREIA MÉDIA/ BRITA 1) - PREPARO MECÂNICO COM BETONEIRA 400 L. AF_05/2021 | E39: M3 | J39: ='BOLETIM DE MEDIÇÃO 02'!O31-'MEMORIAL DE CALCULO 01'!K39 -> 0 | L39: =J39+K39 -> 0 | M39: ='BOLETIM DE MEDIÇÃO 02'!G31 -> 9.6 | N39: =M39-L39 -> 9.6
B40: 1.3.7 | C40: 103670 | D40: LANÇAMENTO COM USO DE BALDES, ADENSAMENTO E ACABAMENTO DE CONCRETO EM ESTRUTURAS. AF_02/2022 | E40: M3 | J40: ='BOLETIM DE MEDIÇÃO 02'!O32-'MEMORIAL DE CALCULO 01'!K40 -> 18.013055 | L40: =J40+K40 -> 18.013055 | M40: ='BOLETIM DE MEDIÇÃO 02'!G32 -> 30.76 | N40: =M40-L40 -> 12.746945
B41: 1.3.8 | C41: 96543 | D41: ARMAÇÃO DE BLOCO, VIGA BALDRAME E SAPATA UTILIZANDO AÇO CA-60 DE 5 MM - MONTAGEM. AF_06/2017 | E41: KG | J41: ='BOLETIM DE MEDIÇÃO 02'!O33-'MEMORIAL DE CALCULO 01'!K41 -> 194.26804 | L41: =J41+K41 -> 194.26804 | M41: ='BOLETIM DE MEDIÇÃO 02'!G33 -> 404.4 | N41: =M41-L41 -> 210.13196
B42: 1.3.9 | C42: 96544 | D42: ARMAÇÃO DE BLOCO, VIGA BALDRAME OU SAPATA UTILIZANDO AÇO CA-50 DE 6,3 MM - MONTAGEM. AF_06/2017 | E42: KG | J42: ='BOLETIM DE MEDIÇÃO 02'!O34-'MEMORIAL DE CALCULO 01'!K42 -> 295 | L42: =J42+K42 -> 295 | M42: ='BOLETIM DE MEDIÇÃO 02'!G34 -> 295 | N42: =M42-L42 -> 0
B43: 1.3.10 | C43: 96546 | D43: ARMAÇÃO DE BLOCO, VIGA BALDRAME OU SAPATA UTILIZANDO AÇO CA-50 DE 10 MM - MONTAGEM. AF_06/2017 | E43: KG | J43: ='BOLETIM DE MEDIÇÃO 02'!O35-'MEMORIAL DE CALCULO 01'!K43 -> 534.1 | L43: =J43+K43 -> 534.1 | M43: ='BOLETIM DE MEDIÇÃO 02'!G35 -> 534.1 | N43: =M43-L43 -> 0
B44: 1.3.11 | C44: 96547 | D44: ARMAÇÃO DE BLOCO, VIGA BALDRAME OU SAPATA UTILIZANDO AÇO CA-50 DE 12,5 MM - MONTAGEM. AF_06/2017 | E44: KG | J44: ='BOLETIM DE MEDIÇÃO 02'!O36-'MEMORIAL DE CALCULO 01'!K44 -> 100.55646 | L44: =J44+K44 -> 100.55646 | M44: ='BOLETIM DE MEDIÇÃO 02'!G36 -> 152.9 | N44: =M44-L44 -> 52.34354
B45: 1.3.12 | C45: 96536 | D45: FABRICAÇÃO, MONTAGEM E DESMONTAGEM DE FÔRMA PARA VIGA BALDRAME, EM MADEIRA SERRADA, E=25 MM, 4 UTILIZAÇÕES. AF_06/2017 | E45: M2 | J45: ='BOLETIM DE MEDIÇÃO 02'!O37-'MEMORIAL DE CALCULO 01'!K45 -> 206.337 | L45: =J45+K45 -> 206.337 | M45: ='BOLETIM DE MEDIÇÃO 02'!G37 -> 429.83 | N45: =M45-L45 -> 223.493
B46: 1.3.13 | C46: 98557 | D46: IMPERMEABILIZAÇÃO DE SUPERFÍCIE COM EMULSÃO ASFÁLTICA, 2 DEMÃOS AF_06/2018 | E46: M2 | J46: ='BOLETIM DE MEDIÇÃO 02'!O38-'MEMORIAL DE CALCULO 01'!K46 -> 0 | L46: =J46+K46 -> 0 | M46: ='BOLETIM DE MEDIÇÃO 02'!G38 -> 253.95 | N46: =M46-L46 -> 253.95
B47: 1.4 | C47: ESTRUTURA
B48: 1.4.1 | C48: 92443 | D48: MONTAGEM E DESMONTAGEM DE FÔRMA DE PILARES RETANGULARES E ESTRUTURAS SIMILARES, PÉ-DIREITO SIMPLES, EM CHAPA DE MADEIRA COMPENSADA PLASTIFICADA, 18 UTILIZAÇÕES. AF_09/2020 | E48: M2 | J48: ='BOLETIM DE MEDIÇÃO 02'!O40-'MEMORIAL DE CALCULO 01'!K48 -> 0 | L48: =J48+K48 -> 0 | M48: ='BOLETIM DE MEDIÇÃO 02'!G40 -> 408.7 | N48: =M48-L48 -> 408.7
B49: 1.4.2 | C49: 92480 | D49: MONTAGEM E DESMONTAGEM DE FÔRMA DE VIGA, ESCORAMENTO METÁLICO, PÉ-DIREITO SIMPLES, EM CHAPA DE MADEIRA PLASTIFICADA, 18 UTILIZAÇÕES. AF_09/2020 | E49: M2 | J49: ='BOLETIM DE MEDIÇÃO 02'!O41-'MEMORIAL DE CALCULO 01'!K49 -> 0 | L49: =J49+K49 -> 0 | M49: ='BOLETIM DE MEDIÇÃO 02'!G41 -> 435.33 | N49: =M49-L49 -> 435.33
B50: 1.4.3 | C50: 92267 | D50: FABRICAÇÃO DE FÔRMA PARA LAJES, EM CHAPA DE MADEIRA COMPENSADA RESINADA, E = 17 MM. AF_09/2020 | E50: M2 | J50: ='BOLETIM DE MEDIÇÃO 02'!O42-'MEMORIAL DE CALCULO 01'!K50 -> 0 | L50: =J50+K50 -> 0 | M50: ='BOLETIM DE MEDIÇÃO 02'!G42 -> 111.15 | N50: =M50-L50 -> 111.15
B51: 1.4.4 | C51: 92759 | D51: ARMAÇÃO DE PILAR OU VIGA DE ESTRUTURA CONVENCIONAL DE CONCRETO ARMADO UTILIZANDO AÇO CA-60 DE 5,0 MM - MONTAGEM. AF_06/2022 | E51: KG | J51: ='BOLETIM DE MEDIÇÃO 02'!O43-'MEMORIAL DE CALCULO 01'!K51 -> 0 | L51: =J51+K51 -> 0 | M51: ='BOLETIM DE MEDIÇÃO 02'!G43 -> 1027.8 | N51: =M51-L51 -> 1027.8
B52: 1.4.5 | C52: 92760 | D52: ARMAÇÃO DE PILAR OU VIGA DE ESTRUTURA CONVENCIONAL DE CONCRETO ARMADO UTILIZANDO AÇO CA-50 DE 6,3 MM - MONTAGEM. AF_06/2022 | E52: KG | J52: ='BOLETIM DE MEDIÇÃO 02'!O44-'MEMORIAL DE CALCULO 01'!K52 -> 0 | L52: =J52+K52 -> 0 | M52: ='BOLETIM DE MEDIÇÃO 02'!G44 -> 39.1 | N52: =M52-L52 -> 39.1
B53: 1.4.6 | C53: 92761 | D53: ARMAÇÃO DE PILAR OU VIGA DE ESTRUTURA CONVENCIONAL DE CONCRETO ARMADO UTILIZANDO AÇO CA-50 DE 8,0 MM - MONTAGEM. AF_06/2022 | E53: KG | J53: ='BOLETIM DE MEDIÇÃO 02'!O45-'MEMORIAL DE CALCULO 01'!K53 -> 0 | L53: =J53+K53 -> 0 | M53: ='BOLETIM DE MEDIÇÃO 02'!G45 -> 1000 | N53: =M53-L53 -> 1000
B54: 1.4.7 | C54: 92762 | D54: ARMAÇÃO DE PILAR OU VIGA DE ESTRUTURA CONVENCIONAL DE CONCRETO ARMADO UTILIZANDO AÇO CA-50 DE 10,0 MM - MONTAGEM. AF_06/2022 | E54: KG | J54: ='BOLETIM DE MEDIÇÃO 02'!O46-'MEMORIAL DE CALCULO 01'!K54 -> 0 | L54: =J54+K54 -> 0 | M54: ='BOLETIM DE MEDIÇÃO 02'!G46 -> 1306.1 | N54: =M54-L54 -> 1306.1
B55: 1.4.8 | C55: 92763 | D55: ARMAÇÃO DE PILAR OU VIGA DE ESTRUTURA CONVENCIONAL DE CONCRETO ARMADO UTILIZANDO AÇO CA-50 DE 12,5 MM - MONTAGEM. AF_06/2022 | E55: KG | J55: ='BOLETIM DE MEDIÇÃO 02'!O47-'MEMORIAL DE CALCULO 01'!K55 -> 0 | L55: =J55+K55 -> 0 | M55: ='BOLETIM DE MEDIÇÃO 02'!G47 -> 168.2 | N55: =M55-L55 -> 168.2
B56: 1.4.9 | C56: 92768 | D56: ARMAÇÃO DE LAJE DE ESTRUTURA CONVENCIONAL DE CONCRETO ARMADO UTILIZANDO AÇO CA-60 DE 5,0 MM - MONTAGEM. AF_06/2022 | E56: KG | J56: ='BOLETIM DE MEDIÇÃO 02'!O48-'MEMORIAL DE CALCULO 01'!K56 -> 0 | L56: =J56+K56 -> 0 | M56: ='BOLETIM DE MEDIÇÃO 02'!G48 -> 158.7 | N56: =M56-L56 -> 158.7
B57: 1.4.10 | C57: 92769 | D57: ARMAÇÃO DE LAJE DE ESTRUTURA CONVENCIONAL DE CONCRETO ARMADO UTILIZANDO AÇO CA-50 DE 6,3 MM - MONTAGEM. AF_06/2022 | E57: KG | J57: ='BOLETIM DE MEDIÇÃO 02'!O49-'MEMORIAL DE CALCULO 01'!K57 -> 0 | L57: =J57+K57 -> 0 | M57: ='BOLETIM DE MEDIÇÃO 02'!G49 -> 170.5 | N57: =M57-L57 -> 170.5
B58: 1.4.11 | C58: 92770 | D58: ARMAÇÃO DE LAJE DE ESTRUTURA CONVENCIONAL DE CONCRETO ARMADO UTILIZANDO AÇO CA-50 DE 8,0 MM - MONTAGEM. AF_06/2022 | E58: KG | J58: ='BOLETIM DE MEDIÇÃO 02'!O50-'MEMORIAL DE CALCULO 01'!K58 -> 0 | L58: =J58+K58 -> 0 | M58: ='BOLETIM DE MEDIÇÃO 02'!G50 -> 279.1 | N58: =M58-L58 -> 279.1
B59: 1.4.12 | C59: 94966 | D59: CONCRETO FCK = 30MPA, TRAÇO 1:2,1:2,5 (EM MASSA SECA DE CIMENTO/ AREIA MÉDIA/ BRITA 1) - PREPARO MECÂNICO COM BETONEIRA 400 L. AF_05/2021 | E59: M3 | J59: ='BOLETIM DE MEDIÇÃO 02'!O51-'MEMORIAL DE CALCULO 01'!K59 -> 0 | L59: =J59+K59 -> 0 | M59: ='BOLETIM DE MEDIÇÃO 02'!G51 -> 61.56 | N59: =M59-L59 -> 61.56
... B62: 1.4.15 | C62: 92772 | D62: ARMAÇÃO DE LAJE DE ESTRUTURA CONVENCIONAL DE CONCRETO ARMADO UTILIZANDO AÇO CA-50 DE 12,5 MM - MONTAGEM. AF_06/2022 | E62: KG | J62: ='BOLETIM DE MEDIÇÃO 02'!O54-'MEMORIAL DE CALCULO 01'!K62 -> 0 | L62: =J62+K62 -> 0 | M62: ='BOLETIM DE MEDIÇÃO 02'!G54 -> 154.8 | N62: =M62-L62 -> 154.8
B63: 1.5 | C63: PAREDES
B64: 1.5.1 | C64: 103356 | D64: ALVENARIA DE VEDAÇÃO DE BLOCOS CERÂMICOS FURADOS NA HORIZONTAL DE 9X19X29 CM (ESPESSURA 9 CM) E ARGAMASSA DE ASSENTAMENTO COM PREPARO EM BETONEIRA. AF_12/2021 | E64: M2 | J64: ='BOLETIM DE MEDIÇÃO 02'!O56-'MEMORIAL DE CALCULO 01'!K64 -> 0 | L64: =J64+K64 -> 0 | M64: ='BOLETIM DE MEDIÇÃO 02'!G56 -> 1131.99 | N64: =M64-L64 -> 1131.99
B65: 1.5.2 | C65: 93189 | D65: VERGA MOLDADA IN LOCO EM CONCRETO PARA PORTAS COM MAIS DE 1,5 M DE VÃO. AF_03/2016 | E65: M | J65: ='BOLETIM DE MEDIÇÃO 02'!O57-'MEMORIAL DE CALCULO 01'!K65 -> 0 | L65: =J65+K65 -> 0 | M65: ='BOLETIM DE MEDIÇÃO 02'!G57 -> 64.1 | N65: =M65-L65 -> 64.1
B66: 1.5.3 | C66: 93191 | D66: VERGA MOLDADA IN LOCO COM UTILIZAÇÃO DE BLOCOS CANALETA PARA JANELAS COM MAIS DE 1,5 M DE VÃO. AF_03/2016 | E66: M | J66: ='BOLETIM DE MEDIÇÃO 02'!O58-'MEMORIAL DE CALCULO 01'!K66 -> 0 | L66: =J66+K66 -> 0 | M66: ='BOLETIM DE MEDIÇÃO 02'!G58 -> 72.2 | N66: =M66-L66 -> 72.2
B67: 1.5.4 | C67: 93197 | D67: CONTRAVERGA MOLDADA IN LOCO EM CONCRETO PARA VÃOS DE MAIS DE 1,5 M DE COMPRIMENTO. AF_03/2016 | E67: M | J67: ='BOLETIM DE MEDIÇÃO 02'!O59-'MEMORIAL DE CALCULO 01'!K67 -> 0 | L67: =J67+K67 -> 0 | M67: ='BOLETIM DE MEDIÇÃO 02'!G59 -> 72.2 | N67: =M67-L67 -> 72.2
B68: 1.6 | C68: REVESTIMENTOS INTERNOS
B69: 1.6.1 | C69: 87893 | D69: CHAPISCO APLICADO EM ALVENARIA (SEM PRESENÇA DE VÃOS) E ESTRUTURAS DE CONCRETO DE FACHADA, COM COLHER DE PEDREIRO. ARGAMASSA TRAÇO 1:3 COM PREPARO MANUAL. AF_10/2022 | E69: M2 | J69: ='BOLETIM DE MEDIÇÃO 02'!O61-'MEMORIAL DE CALCULO 01'!K69 -> 0 | L69: =J69+K69 -> 0 | M69: ='BOLETIM DE MEDIÇÃO 02'!G61 -> 1348.98 | N69: =M69-L69 -> 1348.98
B70: 1.6.2 | C70: 87548 | D70: MASSA ÚNICA, PARA RECEBIMENTO DE PINTURA, EM ARGAMASSA TRAÇO 1:2:8, PREPARO MANUAL, APLICADA MANUALMENTE EM FACES INTERNAS DE PAREDES, ESPESSURA DE 10MM, COM EXECUÇÃO DE TALISCAS. AF_06/2014 | E70: M2 | J70: ='BOLETIM DE MEDIÇÃO 02'!O62-'MEMORIAL DE CALCULO 01'!K70 -> 0 | L70: =J70+K70 -> 0 | M70: ='BOLETIM DE MEDIÇÃO 02'!G62 -> 997.11 | N70: =M70-L70 -> 997.11
B71: 1.6.3 | C71: 87536 | D71: EMBOÇO, PARA RECEBIMENTO DE CERÂMICA, EM ARGAMASSA TRAÇO 1:2:8, PREPARO MANUAL, APLICADO MANUALMENTE EM FACES INTERNAS DE PAREDES, PARA AMBIENTE COM ÁREA MAIOR QUE 10M2, ESPESSURA DE 20MM, COM EXECUÇÃO DE TALISCAS. AF_06/2014 | E71: M2 | J71: ='BOLETIM DE MEDIÇÃO 02'!O63-'MEMORIAL DE CALCULO 01'!K71 -> 0 | L71: =J71+K71 -> 0 | M71: ='BOLETIM DE MEDIÇÃO 02'!G63 -> 351.87 | N71: =M71-L71 -> 351.87
B72: 1.6.4 | C72: 87275 | D72: REVESTIMENTO CERÂMICO PARA PAREDES INTERNAS COM PLACAS TIPO ESMALTADA EXTRA DE DIMENSÕES 33X45 CM APLICADAS A MEIA ALTURA DAS PAREDES. AF_02/2023_PE | E72: M2 | J72: ='BOLETIM DE MEDIÇÃO 02'!O64-'MEMORIAL DE CALCULO 01'!K72 -> 0 | L72: =J72+K72 -> 0 | M72: ='BOLETIM DE MEDIÇÃO 02'!G64 -> 351.87 | N72: =M72-L72 -> 351.87
B73: 1.7 | C73: ESQUADRIAS
B74: 1.7.1 | C74: 91315 | D74: KIT DE PORTA DE MADEIRA PARA PINTURA, SEMI-OCA (LEVE OU MÉDIA), PADRÃO POPULAR, 90X210CM, ESPESSURA DE 3,5CM, ITENS INCLUSOS: DOBRADIÇAS, MONTAGEM E INSTALAÇÃO DO BATENTE, FECHADURA COM EXECUÇÃO DO FURO - FORNECIMENTO E INSTALAÇÃO. AF_12/2019 | E74: UN | J74: ='BOLETIM DE MEDIÇÃO 02'!O66-'MEMORIAL DE CALCULO 01'!K74 -> 0 | L74: =J74+K74 -> 0 | M74: ='BOLETIM DE MEDIÇÃO 02'!G66 -> 18 | N74: =M74-L74 -> 18
B75: 1.7.2 | C75: 94570 | D75: JANELA DE ALUMÍNIO DE CORRER COM 2 FOLHAS PARA VIDROS, COM VIDROS, BATENTE, ACABAMENTO COM ACETATO OU BRILHANTE E FERRAGENS. EXCLUSIVE ALIZAR E CONTRAMARCO. FORNECIMENTO E INSTALAÇÃO. AF_12/2019 | E75: M2 | J75: ='BOLETIM DE MEDIÇÃO 02'!O67-'MEMORIAL DE CALCULO 01'!K75 -> 0 | L75: =J75+K75 -> 0 | M75: ='BOLETIM DE MEDIÇÃO 02'!G67 -> 49.7 | N75: =M75-L75 -> 49.7
B76: 1.7.3 | C76: 100689 | D76: KIT DE PORTA DE MADEIRA FRISADA, SEMI-OCA (LEVE OU MÉDIA), PADRÃO MÉDIO, 80X210CM, ESPESSURA DE 3,5CM, ITENS INCLUSOS: DOBRADIÇAS, MONTAGEM E INSTALAÇÃO DE BATENTE, FECHADURA COM EXECUÇÃO DO FURO - FORNECIMENTO E INSTALAÇÃO. AF_12/2019 | E76: UN | J76: ='BOLETIM DE MEDIÇÃO 02'!O68-'MEMORIAL DE CALCULO 01'!K76 -> 0 | L76: =J76+K76 -> 0 | M76: ='BOLETIM DE MEDIÇÃO 02'!G68 -> 5 | N76: =M76-L76 -> 5
B77: 1.7.4 | C77: composição 3 | D77: PORTA EM MADEIRA , LISA, SEMI-ÔCA, 1.46 X 2.10 M, COM DUAS FOLHAS, INCLUSIVE BATENTES E FERRAGENS - REV 02[ADAPTADO DE ORSE 7149] | E77: UND | J77: ='BOLETIM DE MEDIÇÃO 02'!O69-'MEMORIAL DE CALCULO 01'!K77 -> 0 | L77: =J77+K77 -> 0 | M77: ='BOLETIM DE MEDIÇÃO 02'!G69 -> 1 | N77: =M77-L77 -> 1
B78: 1.7.5 | C78: composição 4 | D78: PORTÃO EM ALUMÍNIO, COR N/B/P, EM PERFÍS BÚZIO QUADRADO OU LAMBRIL, COMPLETO INCLUSIVE RODÍZIOS, PERFÍS E FECHADURA- ORSE - ORSE 11955 | E78: UND | J78: ='BOLETIM DE MEDIÇÃO 02'!O70-'MEMORIAL DE CALCULO 01'!K78 -> 0 | L78: =J78+K78 -> 0 | M78: ='BOLETIM DE MEDIÇÃO 02'!G70 -> 3 | N78: =M78-L78 -> 3
B79: 1.7.6 | C79: 91341 | D79: PORTA EM ALUMÍNIO DE ABRIR TIPO VENEZIANA COM GUARNIÇÃO, FIXAÇÃO COM PARAFUSOS - FORNECIMENTO E INSTALAÇÃO. AF_12/2019 | E79: M2 | J79: ='BOLETIM DE MEDIÇÃO 02'!O71-'MEMORIAL DE CALCULO 01'!K79 -> 0 | L79: =J79+K79 -> 0 | M79: ='BOLETIM DE MEDIÇÃO 02'!G71 -> 12.96 | N79: =M79-L79 -> 12.96
B80: 1.7.7 | C80: 100702 | D80: PORTA DE CORRER DE ALUMÍNIO, COM DUAS FOLHAS PARA VIDRO, INCLUSO VIDRO LISO INCOLOR, FECHADURA E PUXADOR, SEM ALIZAR. AF_12/2019 | E80: M2 | J80: ='BOLETIM DE MEDIÇÃO 02'!O72-'MEMORIAL DE CALCULO 01'!K80 -> 0 | L80: =J80+K80 -> 0 | M80: ='BOLETIM DE MEDIÇÃO 02'!G72 -> 19.96 | N80: =M80-L80 -> 19.96
B81: 1.7.8 | C81: 90831 | D81: FECHADURA DE EMBUTIR PARA PORTA DE BANHEIRO, COMPLETA, ACABAMENTO PADRÃO MÉDIO, INCLUSO EXECUÇÃO DE FURO - FORNECIMENTO E INSTALAÇÃO. AF_12/2019 | E81: UN | J81: ='BOLETIM DE MEDIÇÃO 02'!O73-'MEMORIAL DE CALCULO 01'!K81 -> 0 | L81: =J81+K81 -> 0 | M81: ='BOLETIM DE MEDIÇÃO 02'!G73 -> 8 | N81: =M81-L81 -> 8
B82: 1.8 | C82: PINTURA
B83: 1.8.1 | C83: 88485 | D83: APLICAÇÃO DE FUNDO SELADOR ACRÍLICO EM PAREDES, UMA DEMÃO. AF_06/2014 | E83: M2 | J83: ='BOLETIM DE MEDIÇÃO 02'!O75-'MEMORIAL DE CALCULO 01'!K83 -> 0 | L83: =J83+K83 -> 0 | M83: ='BOLETIM DE MEDIÇÃO 02'!G75 -> 997.11 | N83: =M83-L83 -> 997.11
B84: 1.8.2 | C84: 88495 | D84: APLICAÇÃO E LIXAMENTO DE MASSA LÁTEX EM PAREDES, UMA DEMÃO. AF_06/2014 | E84: M2 | J84: ='BOLETIM DE MEDIÇÃO 02'!O76-'MEMORIAL DE CALCULO 01'!K84 -> 0 | L84: =J84+K84 -> 0 | M84: ='BOLETIM DE MEDIÇÃO 02'!G76 -> 997.11 | N84: =M84-L84 -> 997.11
B85: 1.8.3 | C85: 88489 | D85: APLICAÇÃO MANUAL DE PINTURA COM TINTA LÁTEX ACRÍLICA EM PAREDES, DUAS DEMÃOS. AF_06/2014 | E85: M2 | J85: ='BOLETIM DE MEDIÇÃO 02'!O77-'MEMORIAL DE CALCULO 01'!K85 -> 0 | L85: =J85+K85 -> 0 | M85: ='BOLETIM DE MEDIÇÃO 02'!G77 -> 997.11 | N85: =M85-L85 -> 997.11
B86: 1.8.4 | C86: 88484 | D86: APLICAÇÃO DE FUNDO SELADOR ACRÍLICO EM TETO, UMA DEMÃO. AF_06/2014 | E86: M2 | J86: ='BOLETIM DE MEDIÇÃO 02'!O78-'MEMORIAL DE CALCULO 01'!K86 -> 0 | L86: =J86+K86 -> 0 | M86: ='BOLETIM DE MEDIÇÃO 02'!G78 -> 634.5 | N86: =M86-L86 -> 634.5
B87: 1.8.5 | C87: 88494 | D87: APLICAÇÃO E LIXAMENTO DE MASSA LÁTEX EM TETO, UMA DEMÃO. AF_06/2014 | E87: M2 | J87: ='BOLETIM DE MEDIÇÃO 02'!O79-'MEMORIAL DE CALCULO 01'!K87 -> 0 | L87: =J87+K87 -> 0 | M87: ='BOLETIM DE MEDIÇÃO 02'!G79 -> 634.5 | N87: =M87-L87 -> 634.5
B88: 1.8.6 | C88: 88488 | D88: APLICAÇÃO MANUAL DE PINTURA COM TINTA LÁTEX ACRÍLICA EM TETO, DUAS DEMÃOS. AF_06/2014 | E88: M2 | J88: ='BOLETIM DE MEDIÇÃO 02'!O80-'MEMORIAL DE CALCULO 01'!K88 -> 0 | L88: =J88+K88 -> 0 | M88: ='BOLETIM DE MEDIÇÃO 02'!G80 -> 634.5 | N88: =M88-L88 -> 634.5
B89: 1.9 | C89: REVESTIMENTOS EXTERNOS
B90: 1.9.1 | C90: 87894 | D90: CHAPISCO APLICADO EM ALVENARIA (SEM PRESENÇA DE VÃOS) E ESTRUTURAS DE CONCRETO DE FACHADA, COM COLHER DE PEDREIRO. ARGAMASSA TRAÇO 1:3 COM PREPARO EM BETONEIRA 400L. AF_10/2022 | E90: M2 | J90: ='BOLETIM DE MEDIÇÃO 02'!O82-'MEMORIAL DE CALCULO 01'!K90 -> 0 | L90: =J90+K90 -> 0 | M90: ='BOLETIM DE MEDIÇÃO 02'!G82 -> 466.37 | N90: =M90-L90 -> 466.37
B91: 1.9.2 | C91: 104233 | D91: EMBOÇO OU MASSA ÚNICA EM ARGAMASSA TRAÇO 1:2:8, PREPARO MECÂNICA COM BETONEIRA 400 L, APLICADA MANUALMENTE EM PANOS DE FACHADA SEM PRESENÇA DE VÃOS, ESPESSURA DE 25 MM, ACESSO POR ANDAIME. AF_08/2022 | E91: M2 | J91: ='BOLETIM DE MEDIÇÃO 02'!O83-'MEMORIAL DE CALCULO 01'!K91 -> 0 | L91: =J91+K91 -> 0 | M91: ='BOLETIM DE MEDIÇÃO 02'!G83 -> 466.37 | N91: =M91-L91 -> 466.37
B92: 1.9.3 | C92: composição 6 | D92: REVESTIMENTO PORCELANATO MADEIRADO PARA PAREDES COM PLACAS TIPO ESMALTADA EXTRA DE DIMENSÕES 20X120 CM [ADAPTADO SINAPI 87244] | E92: M2 | J92: ='BOLETIM DE MEDIÇÃO 02'!O84-'MEMORIAL DE CALCULO 01'!K92 -> 0 | L92: =J92+K92 -> 0 | M92: ='BOLETIM DE MEDIÇÃO 02'!G84 -> 32.5 | N92: =M92-L92 -> 32.5
B93: 1.9.4 | C93: composição 7 | D93: REVESTIMENTO PORCELANATO MARMORIZADO PARA PAREDES E PISO COM PLACAS TIPO ESMALTADA EXTRA DE DIMENSÕES 80X80 CM [ADAPTADO SINAPI 87244] | E93: M² | J93: ='BOLETIM DE MEDIÇÃO 02'!O85-'MEMORIAL DE CALCULO 01'!K93 -> 0 | L93: =J93+K93 -> 0 | M93: ='BOLETIM DE MEDIÇÃO 02'!G85 -> 29.5 | N93: =M93-L93 -> 29.5
B94: 1.9.5 | C94: 88485 | D94: APLICAÇÃO DE FUNDO SELADOR ACRÍLICO EM PAREDES, UMA DEMÃO. AF_06/2014 | E94: M2 | J94: ='BOLETIM DE MEDIÇÃO 02'!O86-'MEMORIAL DE CALCULO 01'!K94 -> 0 | L94: =J94+K94 -> 0 | M94: ='BOLETIM DE MEDIÇÃO 02'!G86 -> 404.37 | N94: =M94-L94 -> 404.37
B95: 1.9.6 | C95: 96130 | D95: APLICAÇÃO MANUAL DE MASSA ACRÍLICA EM PAREDES EXTERNAS DE CASAS, UMA DEMÃO. AF_05/2017 | E95: M2 | J95: ='BOLETIM DE MEDIÇÃO 02'!O87-'MEMORIAL DE CALCULO 01'!K95 -> 0 | L95: =J95+K95 -> 0 | M95: ='BOLETIM DE MEDIÇÃO 02'!G87 -> 404.37 | N95: =M95-L95 -> 404.37
B96: 1.9.7 | C96: 88489 | D96: APLICAÇÃO MANUAL DE PINTURA COM TINTA LÁTEX ACRÍLICA EM PAREDES, DUAS DEMÃOS. AF_06/2014 | E96: M2 | J96: ='BOLETIM DE MEDIÇÃO 02'!O88-'MEMORIAL DE CALCULO 01'!K96 -> 0 | L96: =J96+K96 -> 0 | M96: ='BOLETIM DE MEDIÇÃO 02'!G88 -> 404.37 | N96: =M96-L96 -> 404.37
B97: 1.1 | C97: INSTALAÇÃO ELÉTRICA
B98: 1.10.1 | C98: 92868 | D98: CAIXA RETANGULAR 4" X 2" MÉDIA (1,30 M DO PISO), METÁLICA, INSTALADA EM PAREDE - FORNECIMENTO E INSTALAÇÃO. AF_03/2023 | E98: UN | J98: ='BOLETIM DE MEDIÇÃO 02'!O90-'MEMORIAL DE CALCULO 01'!K98 -> 0 | L98: =J98+K98 -> 0 | M98: ='BOLETIM DE MEDIÇÃO 02'!G90 -> 117 | N98: =M98-L98 -> 117
B99: 1.10.2 | C99: 91937 | D99: CAIXA OCTOGONAL 3" X 3", PVC, INSTALADA EM LAJE - FORNECIMENTO E INSTALAÇÃO. AF_03/2023 | E99: UN | J99: ='BOLETIM DE MEDIÇÃO 02'!O91-'MEMORIAL DE CALCULO 01'!K99 -> 0 | L99: =J99+K99 -> 0 | M99: ='BOLETIM DE MEDIÇÃO 02'!G91 -> 76 | N99: =M99-L99 -> 76
B100: 1.10.3 | C100: 91924 | D100: CABO DE COBRE FLEXÍVEL ISOLADO, 1,5 MM², ANTI-CHAMA 450/750 V, PARA CIRCUITOS TERMINAIS - FORNECIMENTO E INSTALAÇÃO. AF_03/2023 | E100: M | J100: ='BOLETIM DE MEDIÇÃO 02'!O92-'MEMORIAL DE CALCULO 01'!K100 -> 0 | L100: =J100+K100 -> 0 | M100: ='BOLETIM DE MEDIÇÃO 02'!G92 -> 1253.8 | N100: =M100-L100 -> 1253.8
B101: 1.10.4 | C101: 91926 | D101: CABO DE COBRE FLEXÍVEL ISOLADO, 2,5 MM², ANTI-CHAMA 450/750 V, PARA CIRCUITOS TERMINAIS - FORNECIMENTO E INSTALAÇÃO. AF_03/2023 | E101: M | J101: ='BOLETIM DE MEDIÇÃO 02'!O93-'MEMORIAL DE CALCULO 01'!K101 -> 0 | L101: =J101+K101 -> 0 | M101: ='BOLETIM DE MEDIÇÃO 02'!G93 -> 1496.3 | N101: =M101-L101 -> 1496.3
B102: 1.10.5 | C102: 91928 | D102: CABO DE COBRE FLEXÍVEL ISOLADO, 4 MM², ANTI-CHAMA 450/750 V, PARA CIRCUITOS TERMINAIS - FORNECIMENTO E INSTALAÇÃO. AF_03/2023 | E102: M | J102: ='BOLETIM DE MEDIÇÃO 02'!O94-'MEMORIAL DE CALCULO 01'!K102 -> 0 | L102: =J102+K102 -> 0 | M102: ='BOLETIM DE MEDIÇÃO 02'!G94 -> 284.6 | N102: =M102-L102 -> 284.6
B103: 1.10.6 | C103: 91931 | D103: CABO DE COBRE FLEXÍVEL ISOLADO, 6 MM², ANTI-CHAMA 0,6/1,0 KV, PARA CIRCUITOS TERMINAIS - FORNECIMENTO E INSTALAÇÃO. AF_03/2023 | E103: M | J103: ='BOLETIM DE MEDIÇÃO 02'!O95-'MEMORIAL DE CALCULO 01'!K103 -> 0 | L103: =J103+K103 -> 0 | M103: ='BOLETIM DE MEDIÇÃO 02'!G95 -> 224 | N103: =M103-L103 -> 224
B104: 1.10.7 | C104: 39773 | D104: CAIXA DE PASSAGEM METALICA DE SOBREPOR COM TAMPA PARAFUSADA, DIMENSOES 40 X 40 X 15 CM | E104: UN | J104: ='BOLETIM DE MEDIÇÃO 02'!O96-'MEMORIAL DE CALCULO 01'!K104 -> 0 | L104: =J104+K104 -> 0 | M104: ='BOLETIM DE MEDIÇÃO 02'!G96 -> 2 | N104: =M104-L104 -> 2
...

Sheet MEMORIAL DE CALCULO 02
B2: BOLETIM DE MEDIÇÃO 02 - MEMORIAL DE CÁLCULO
B3: OBJETO: | I3: CONTRATO: | J3: VALOR CONTRATADO:
B4: CONSTRUÇÃO DA CASA DE ACOLHIMENTO PARA CRIANÇAS E ADOCESLENTES, "CASA LAR", NO MUNICÍPIO DE SOUSA/PB. | I4: 682/2023 | J4: 1240378.4
B5: EMPRESA CONTRATADA: | E5: CNPJ: | I5: CONTRATANTE:
B6: ALX CONSTRUÇÕES E LOCAÇÕES | E6: 17.490.708/0001-70 | I6: PREFEITURA MUNICIPAL DE SOUSA
B7: DATA | D7: PERÍODO DA MEDIÇÃO | E7: VALOR DA MEDIÇÃO: | H7: VALOR ACUMULADO ANTERIOR: | J7: MEDIÇÃO:
B8: 45291 | D8: 22/12/2023 a 31/01/2024 | E8: ='BOLETIM DE MEDIÇÃO 02'!E8 -> 61443.008 | H8: ='BOLETIM DE MEDIÇÃO 02'!H8 -> 66571.965 | J8: 02
B10: ITEM | C10: CÓDIGO | D10: DESCRIÇÃO | E10: UND | F10: VEZ | G10: DADOS | J10: RESULTADO
G11: L | H11: C | I11: H | J11: ACUMULADO ANTERIOR | K11: PARCIAL | L11: TOTAL | M11: CONTRATADO | N11: SALDO
B12: 1 | C12: CONSTRUÇÃO DA CASA DE ACOLHIMENTO PARA CRIANÇAS E ADOLESCENTES - CASA LAR, NO MUNICÍPIO DE SOUSA - PB
B13: 1.1 | C13: SERVIÇOS PRELIMINARES
B14: 1.1.1 | C14: composição 1 | D14: PLACA DE OBRA EM CHAPA DE ACO GALVANIZADO [ADAPTADO SINAPI 74209/01] | E14: M2 | F14: 1 | G14: 2 | I14: 3 | J14: ='BOLETIM DE MEDIÇÃO 02'!O14-'MEMORIAL DE CALCULO 02'!K14 -> 0 | K14: =G14*I14*F14 -> 6 | L14: =J14+K14 -> 6 | M14: ='BOLETIM DE MEDIÇÃO 02'!G14 -> 6 | N14: =M14-L14 -> 0
B15: 1.1.2 | C15: 93209 | D15: EXECUÇÃO DE ALMOXARIFADO EM CANTEIRO DE OBRA EM ALVENARIA, INCLUSO PRATELEIRAS. AF_02/2016 | E15: M2 | F15: 1 | G15: 1 | H15: 2.75 | J15: ='BOLETIM DE MEDIÇÃO 02'!O15-'MEMORIAL DE CALCULO 02'!K15 -> 2.25 | K15: =F15*G15*H15 -> 2.75 | L15: =J15+K15 -> 5 | M15: ='BOLETIM DE MEDIÇÃO 02'!G15 -> 5 | N15: =M15-L15 -> 0
B16: 1.1.3 | C16: 93206 | D16: EXECUÇÃO DE ESCRITÓRIO EM CANTEIRO DE OBRA EM ALVENARIA, NÃO INCLUSO MOBILIÁRIO E EQUIPAMENTOS. AF_02/2016 | E16: M2 | F16: 1 | G16: 1 | H16: 2.75 | J16: ='BOLETIM DE MEDIÇÃO 02'!O16-'MEMORIAL DE CALCULO 02'!K16 -> 2.25 | K16: =F16*G16*H16 -> 2.75 | L16: =J16+K16 -> 5 | M16: ='BOLETIM DE MEDIÇÃO 02'!G16 -> 5 | N16: =M16-L16 -> 0
B17: 1.1.4 | C17: composição 11 | D17: Tapume em chapa compensada esp = 10mm (1 uso). [ADAPTADO ORSE 53] | E17: M2 | J17: ='BOLETIM DE MEDIÇÃO 02'!O17-'MEMORIAL DE CALCULO 02'!K17 -> 258.4 | K17: =K18 -> 19 | L17: =J17+K17 -> 277.4 | M17: ='BOLETIM DE MEDIÇÃO 02'!G17 -> 277.4 | N17: =M17-L17 -> 0
D18: PERÍMETRO DA INTERVENÇÃO | F18: 1 | G18: 9.5 | I18: 2 | K18: =F18*(G18*I18) -> 19
B19: 1.1.5 | C19: 98524 | D19: LIMPEZA MANUAL DE VEGETAÇÃO EM TERRENO COM ENXADA.AF_05/2018 | E19: M2 | J19: ='BOLETIM DE MEDIÇÃO 02'!O18-'MEMORIAL DE CALCULO 02'!K19 -> 0 | K19: =K20 -> 0 | L19: =J19+K19 -> 0 | M19: ='BOLETIM DE MEDIÇÃO 02'!G18 -> 1430.2 | N19: =M19-L19 -> 1430.2
D20: ÁREA DA INTERVENÇÃO | F20: 0 | G20: 1430.2 | K20: =F20*G20 -> 0
B21: 1.1.6 | C21: 100575 | D21: REGULARIZAÇÃO DE SUPERFÍCIES COM MOTONIVELADORA. AF_11/2019 | E21: M2 | J21: ='BOLETIM DE MEDIÇÃO 02'!O19-'MEMORIAL DE CALCULO 02'!K21 -> 0 | K21: =K22 -> 0 | L21: =J21+K21 -> 0 | M21: ='BOLETIM DE MEDIÇÃO 02'!G19 -> 1430.2 | N21: =M21-L21 -> 1430.2
D22: ÁREA DA INTERVENÇÃO | F22: 0 | G22: 1430.2 | K22: =F22*G22 -> 0
B23: 1.2 | C23: MOVIMENTO DE TERRA
B24: 1.2.1 | C24: 99059 | D24: LOCACAO CONVENCIONAL DE OBRA, UTILIZANDO GABARITO DE TÁBUAS CORRIDAS PONTALETADAS A CADA 2,00M - 2 UTILIZAÇÕES. AF_10/2018 | E24: M | F24: 1 | G24: 137.5 | J24: ='BOLETIM DE MEDIÇÃO 02'!O21-'MEMORIAL DE CALCULO 02'!K24 -> 0 | K24: =F24*G24 -> 137.5 | L24: =J24+K24 -> 137.5 | M24: ='BOLETIM DE MEDIÇÃO 02'!G21 -> 137.5 | N24: =M24-L24 -> 0
B25: 1.2.2 | C25: 93358 | D25: ESCAVAÇÃO MANUAL DE VALA COM PROFUNDIDADE MENOR OU IGUAL A 1,30 M. AF_02/2021 | E25: M3 | J25: ='BOLETIM DE MEDIÇÃO 02'!O22-'MEMORIAL DE CALCULO 02'!K25 -> 69.93925 | K25: =SUM(K35:K41) -> 1.20537 | L25: =J25+K25 -> 71.14462 | M25: ='BOLETIM DE MEDIÇÃO 02'!G22 -> 89.01 | N25: =M25-L25 -> 17.86538
D26: SAPATAS
D27: S46=S52=S53=S54=S55=S56=S57=S58=S59=S60=S61=S62=S63=S64=S65=S66=S68=S69=S70=S71=S72=S74=S76=S77=S78=S79=S80=S84=S85=S86=S87=S88 | F27: 0 | G27: 0.6 | H27: 0.7 | I27: 1.85 | K27: =F27*(G27*H27*I27) -> 0
D28: S1=S2=S3=S4=S6=S8=S9=S10=S11=S12=S13=S14=S15=S16=S17=S21=S22=S23=S24=S25=S26=S27=S28=S29=S30=S31=S32=S36=S37=S38=S39=S40=S41=S42=S43=S44=S47=S48=S49=S50=S51 | F28: 0 | G28: 0.6 | H28: 0.7 | I28: 1.85 | K28: =F28*(G28*H28*I28) -> 0
D29: S33 | F29: 0 | G29: 0.6 | H29: 0.8 | I29: 1.85 | K29: =F29*(G29*H29*I29) -> 0
D30: S7=S83 | F30: 0 | G30: 0.9 | H30: 0.9 | I30: 1.85 | K30: =F30*(G30*H30*I30) -> 0
D31: S5=S18=S19=S20=S35=S45=S75 | F31: 0 | G31: 0.65 | H31: 0.65 | I31: 1.85 | K31: =F31*(G31*H31*I31) -> 0
D32: S34=S67=S73 | F32: 0 | G32: 0.65 | H32: 0.75 | I32: 1.85 | K32: =F32*(G32*H32*I32) -> 0
D33: S81=S82 | F33: 0 | G33: 0.55 | H33: 0.95 | I33: 1.85 | K33: =F33*(G33*H33*I33) -> 0
D34: VIGAS BALDRAME
D35: V22 | F35: 1 | G35: 4.758 | H35: 0.15 | I35: 0.3 | K35: =F35*G35*H35*I35 -> 0.21411
D36: V51 | F36: 1 | G36: 3.097 | H36: 0.15 | I36: 0.3 | K36: =F36*G36*H36*I36 -> 0.139365
D37: V46 | F37: 1 | G37: 3.047 | H37: 0.15 | I37: 0.3 | K37: =F37*G37*H37*I37 -> 0.137115
D38: V55 | F38: 1 | G38: 5.109 | H38: 0.15 | I38: 0.3 | K38: =F38*G38*H38*I38 -> 0.229905
D39: V20 | F39: 1 | G39: 2.564 | H39: 0.15 | I39: 0.3 | K39: =F39*G39*H39*I39 -> 0.11538
D40: V21 | F40: 1 | G40: 1.678 | H40: 0.15 | I40: 0.3 | K40: =F40*G40*H40*I40 -> 0.07551
D41: V19 | F41: 1 | G41: 6.533 | H41: 0.15 | I41: 0.3 | K41: =F41*G41*H41*I41 -> 0.293985
B48: 1.2.3 | C48: 96995 | D48: REATERRO MANUAL APILOADO COM SOQUETE. AF_10/2017 | E48: M3 | J48: ='BOLETIM DE MEDIÇÃO 02'!O23-'MEMORIAL DE CALCULO 02'!K48 -> 0 | L48: =J48+K48 -> 0 | M48: ='BOLETIM DE MEDIÇÃO 02'!G23 -> 44.26 | N48: =M48-L48 -> 44.26
D49: VOLUME DE ESCAVAÇÃO - VOLUME DE CONCRETO DA FUNDAÇÃO
D50: VOLUME DE ESCAVAÇÃO (SAPATAS + BALDRAME) | F50: 1 | G50: =L25 -> 71.14462
D51: VOLUME DE CONTRETO (SAPATAS + BALDRAME) | F51: 1
B52: 1.2.4 | C52: 94319 | D52: ATERRO MANUAL DE VALAS COM SOLO ARGILO-ARENOSO E COMPACTAÇÃO MECANIZADA. AF_05/2016 | E52: M3 | J52: ='BOLETIM DE MEDIÇÃO 02'!O24-'MEMORIAL DE CALCULO 02'!K52 -> 0 | L52: =J52+K52 -> 0 | M52: ='BOLETIM DE MEDIÇÃO 02'!G24 -> 93.63 | N52: =M52-L52 -> 93.63
B53: 1.3 | C53: FUNDAÇÃO
B54: 1.3.1 | C54: composição 12 | D54: ALVENARIA DE EMBASAMENTO COM BLOCO CERÂMICO DE 9X14X19CM E ARGAMASSA DE ASSENTAMENTO COM PREPARO EM BETONEIRA. AF_05/2020. [ADAPTADO SINAPI 101166] | E54: M3 | G54: ALVENARIA DE EMBASAMENTO (CÁLCULO CONSIDERANDO O VOLUME PRISMÁTICO DE CADA SEÇÃO) | J54: ='BOLETIM DE MEDIÇÃO 02'!O26-'MEMORIAL DE CALCULO 02'!K54 -> 0 | K54: =SUM(K56:K71) -> 7.34341 | L54: =J54+K54 -> 7.34341 | M54: ='BOLETIM DE MEDIÇÃO 02'!G26 -> 13.99 | N54: =M54-L54 -> 6.64659
D55: BALDRAMES | G55: COMPRIMENTO DA SEÇÃO (M) | H55: LARGURA (M) | I55: (ALTURAS DAS EXTREMIDADES DAS SEÇÕES) (M)
D56: V22 (P86 ATÉ P87) | G56: 4.758 | H56: 0.2 | I56: 0.62; 0.62 | K56: =(0.62*G56)*H56 -> 0.589992
D57: V51 (P87 ATÉ P85) | G57: 3.097 | H57: 0.2 | I57: 0.62; 0.35 | K57: =(((0.62+0.35)/2)*G57)*H57 -> 0.300409
D58: V46 (P86 ATÉ P83) | G58: 3.047 | H58: 0.2 | I58: 0.62; 0.35 | K58: =(((0.62+0.35)/2)*G58)*H58 -> 0.295559
D59: V55 (ENGASTADA NA VV46 E V51) | G59: 5.109 | H59: 0.2 | I59: 0.62; 0.62 | K59: =(((0.62+0.35)/2)*G59)*H59 -> 0.495573
D60: V20 (P83 ATÉ P84) | G60: 2.564 | H60: 0.2 | I60: 0.35; 0.35 | K60: =(0.35*G60)*H60 -> 0.17948
D61: V21 (P84 ATÉ P85) | G61: 1.678 | H61: 0.2 | I61: 0.35; 0.35 | K61: =(0.35*G61)*H61 -> 0.11746
D62: V19 (P81 ATÉ P82) | G62: 6.533 | H62: 0.2 | I62: 0.41; 0.58 | K62: =(((0.41+0.58)/2)*G62)*H62 -> 0.646767
D63: V23 (P78 ATÉ P43) | G63: 12.68 | H63: 0.2 | I63: 0.56; 0.52 | K63: =(((0.56+0.52)/2)*G63)*H63 -> 1.36944
D64: V12 (P43 ATÉ P44) | G64: 1.85 | H64: 0.2 | I64: 0.52; 0.48 | K64: =(((0.52+0.48)/2)*G64)*H64 -> 0.185
D65: V24 (P44 ATÉ P22) | G65: 9.46 | H65: 0.2 | I65: 0.48; 0.55 | K65: =(((0.48+0.55)/2)*G65)*H65 -> 0.97438
D66: V5 (P22 ATÉ P23) | G66: 2.33 | H66: 0.2 | I66: 0.55; 0.55 | K66: =(0.55*G66)*H66 -> 0.2563
D67: V27 (P23 ATÉ P2) | G67: 9.79 | H67: 0.2 | I67: 0.55; 0.62 | K67: =(((0.55+0.52)/2)*G67)*H67 -> 1.04753
D68: V1 (P1 ATÉ P2) | G68: 2.38 | H68: 0.2 | I68: 0.62; 0.62 | K68: =(0.55*G68)*H68 -> 0.2618
D69: V25 (P1 ATÉ P8) | G69: 2.65 | H69: 0.2 | I69: 0.62; 0.62 | K69: =(0.62*G69)*H69 -> 0.3286
D70: V02 | G70: 2.38 | H70: 0.2 | I70: 0.62; 0.62 | K70: =(0.62*G70)*H70 -> 0.29512
B72: 1.3.2 | C72: 101616 | D72: PREPARO DE FUNDO DE VALA COM LARGURA MENOR QUE 1,5 M (ACERTO DO SOLO NATURAL). AF_08/2020 | E72: M2 | J72: ='BOLETIM DE MEDIÇÃO 02'!O27-'MEMORIAL DE CALCULO 02'!K72 -> 0.005 | K72: =SUM(K74:K80) -> 37.805 | L72: =J72+K72 -> 37.81 | M72: ='BOLETIM DE MEDIÇÃO 02'!G27 -> 37.81 | N72: =M72-L72 -> 0
D73: SAPATAS
D74: S46=S52=S53=S54=S55=S56=S57=S58=S59=S60=S61=S62=S63=S64=S65=S66=S68=S69=S70=S71=S72=S74=S76=S77=S78=S79=S80=S84=S85=S86=S87=S88 | F74: 32 | G74: 0.6 | H74: 0.7 | K74: =F74*(G74*H74) -> 13.44
D75: S1=S2=S3=S4=S6=S8=S9=S10=S11=S12=S13=S14=S15=S16=S17=S21=S22=S23=S24=S25=S26=S27=S28=S29=S30=S31=S32=S36=S37=S38=S39=S40=S41=S42=S43=S44=S47=S48=S49=S50=S51 | F75: 40 | G75: 0.6 | H75: 0.7 | K75: =F75*(G75*H75) -> 16.8
D76: S33 | F76: 1 | G76: 0.6 | H76: 0.8 | K76: =F76*(G76*H76) -> 0.48
D77: S7=S83 | F77: 2 | G77: 0.9 | H77: 0.9 | K77: =F77*(G77*H77) -> 1.62
D78: S5=S18=S19=S20=S35=S45=S75 | F78: 7 | G78: 0.65 | H78: 0.65 | K78: =F78*(G78*H78) -> 2.9575
D79: S34=S67=S73 | F79: 3 | G79: 0.65 | H79: 0.75 | K79: =F79*(G79*H79) -> 1.4625
D80: S81=S82 | F80: 2 | G80: 0.55 | H80: 0.95 | K80: =F80*(G80*H80) -> 1.045
B81: 1.3.3 | C81: 96619 | D81: LASTRO DE CONCRETO MAGRO, APLICADO EM BLOCOS DE COROAMENTO OU SAPATAS, ESPESSURA DE 5 CM. AF_08/2017 | E81: M2 | J81: ='BOLETIM DE MEDIÇÃO 02'!O28-'MEMORIAL DE CALCULO 02'!K81 -> 0.005 | K81: =SUM(K83:K89) -> 37.805 | L81: =J81+K81 -> 37.81 | M81: ='BOLETIM DE MEDIÇÃO 02'!G28 -> 77.41 | N81: =M81-L81 -> 39.6
D82: SAPATAS
D83: S46=S52=S53=S54=S55=S56=S57=S58=S59=S60=S61=S62=S63=S64=S65=S66=S68=S69=S70=S71=S72=S74=S76=S77=S78=S79=S80=S84=S85=S86=S87=S88 | F83: 32 | G83: 0.6 | H83: 0.7 | K83: =F83*(G83*H83) -> 13.44
D84: S1=S2=S3=S4=S6=S8=S9=S10=S11=S12=S13=S14=S15=S16=S17=S21=S22=S23=S24=S25=S26=S27=S28=S29=S30=S31=S32=S36=S37=S38=S39=S40=S41=S42=S43=S44=S47=S48=S49=S50=S51 | F84: 40 | G84: 0.6 | H84: 0.7 | K84: =F84*(G84*H84) -> 16.8
D85: S33 | F85: 1 | G85: 0.6 | H85: 0.8 | K85: =F85*(G85*H85) -> 0.48
D86: S7=S83 | F86: 2 | G86: 0.9 | H86: 0.9 | K86: =F86*(G86*H86) -> 1.62
D87: S5=S18=S19=S20=S35=S45=S75 | F87: 7 | G87: 0.65 | H87: 0.65 | K87: =F87*(G87*H87) -> 2.9575
D88: S34=S67=S73 | F88: 3 | G88: 0.65 | H88: 0.75 | K88: =F88*(G88*H88) -> 1.4625
D89: S81=S82 | F89: 2 | G89: 0.55 | H89: 0.95 | K89: =F89*(G89*H89) -> 1.045
B90: 1.3.4 | C90: 96545 | D90: ARMAÇÃO DE BLOCO, VIGA BALDRAME OU SAPATA UTILIZANDO AÇO CA-50 DE 8 MM - MONTAGEM. AF_06/2017 | E90: KG | J90: ='BOLETIM DE MEDIÇÃO 02'!O29-'MEMORIAL DE CALCULO 02'!K90 -> 0 | K90: =SUM(K92:K98) -> 44.52045 | L90: =J90+K90 -> 44.52045 | M90: ='BOLETIM DE MEDIÇÃO 02'!G29 -> 537.3 | N90: =M90-L90 -> 492.77955
D91: BALDRAMES | G91: N° DE BARRAS E COMPRIMENTO | I91: PESO ESPECÍFICO (KG/M)
D92: V22 | F92: 1 | G92: =(2*1.31) + (2*1.51) + (2*4.98) -> 15.6 | I92: 0.395 | K92: =F92*G92*I92 -> 6.162
D93: V51 | F93: 1 | G93: =(3*3.37) + (1.37) + (2*3.47) -> 18.42 | I93: 0.395 | K93: =F93*G93*I93 -> 7.2759
D94: V46 | F94: 1 | G94: =(1.87) + (2*3.62) -> 9.11 | I94: 0.395 | K94: =F94*G94*I94 -> 3.59845
D95: V55 | F95: 1 | G95: =(4*0.88) + (2*3.36) + (2*5.03) -> 20.3 | I95: 0.395 | K95: =F95*G95*I95 -> 8.0185
D96: V20 | F96: 1 | G96: =(2*3.18) + (2*3.18) -> 12.72 | I96: 0.395 | K96: =F96*G96*I96 -> 5.0244
D97: V21 | F97: 1 | G97: =(4*2.15) -> 8.6 | I97: 0.395 | K97: =F97*G97*I97 -> 3.397
D98: V19 | F98: 1 | G98: =(4*6.99) -> 27.96 | I98: 0.395 | K98: =F98*G98*I98 -> 11.0442
B99: 1.3.5 | C99: 94966 | D99: CONCRETO FCK = 30MPA, TRAÇO 1:2,1:2,5 (EM MASSA SECA DE CIMENTO/ AREIA MÉDIA/ BRITA 1) - PREPARO MECÂNICO COM BETONEIRA 400 L. AF_05/2021 | E99: M3 | J99: ='BOLETIM DE MEDIÇÃO 02'!O30-'MEMORIAL DE CALCULO 02'!K99 -> 0 | K99: =SUM(K101:K147) -> 8.413055 | L99: =J99+K99 -> 8.413055 | M99: ='BOLETIM DE MEDIÇÃO 02'!G30 -> 21.16 | N99: =M99-L99 -> 12.746945
D100: SAPATAS
D101: S46=S52=S53=S54=S55=S56=S57=S58=S59=S60=S61=S62=S63=S64=S65=S66=S68=S69=S70=S71=S72=S74=S76=S77=S78=S79=S80=S84=S85=S86=S87=S88 | F101: 32 | G101: 0.6 | H101: 0.7 | I101: 0.25 | K101: =F101*(G101*H101*I101) -> 3.36
D102: S1=S2=S3=S4=S6=S8=S9=S10=S11=S12=S13=S14=S15=S16=S17=S21=S22=S23=S24=S25=S26=S27=S28=S29=S30=S31=S32=S36=S37=S38=S39=S40=S41=S42=S43=S44=S47=S48=S49=S50=S51 | F102: 41 | G102: 0.6 | H102: 0.7 | I102: 0.25 | K102: =F102*(G102*H102*I102) -> 4.305
D103: S33 | F103: 1 | G103: 0.6 | H103: 0.8 | I103: 0.25 | K103: =F103*(G103*H103*I103) -> 0.12
D104: S7=S83 | F104: 2 | G104: 0.9 | H104: 0.9 | I104: 0.25 | K104: =F104*(G104*H104*I104) -> 0.405
D105: S5=S18=S19=S20=S35=S45=S75 | F105: 7 | G105: 0.65 | H105: 0.65 | I105: 0.25 | K105: =F105*(G105*H105*I105) -> 0.739375
D106: S34=S67=S73 | F106: 3 | G106: 0.65 | H106: 0.75 | I106: 0.25 | K106: =F106*(G106*H106*I106) -> 0.365625
D107: S81=S82 | F107: 2 | G107: 0.55 | H107: 0.95 | I107: 0.25 | K107: =F107*(G107*H107*I107) -> 0.26125
D108: SAPATAS (TOCOS DE PILARES) | G108: DIMENSÕES DOS PILARES (M) (LARGURA E COMPRIMENTO) | I108: ALTURA (M)
D109: P87, P86 (NIVEL ABAIXO DA VIGA BALDRAME) | F109: 1 | G109: (0.15 + 0.25) | I109: 1.85 | K109: =(0.15*0.25)*I109*2 -> 0.13875
...

Sheet MEMORIAL FOTOGRÁFICO 01
B2: BOLETIM 01 - MEMORIAL FOTOGRÁFICO
B3: OBJETO: | O3: CONTRATO: | P3: LICITAÇÃO Nº: | Q3: VALOR CONTRATADO:
B4: CONSTRUÇÃO DA CASA DE ACOLHIMENTO PARA CRIANÇAS E ADOCESLENTES, "CASA LAR", NO MUNICÍPIO DE SOUSA/PB. | O4: 682/2023 | P4: 03/2023 | Q4: 1240378.4
B5: EMPRESA CONTRATADA: | E5: CNPJ: | O5: CONTRATANTE:
B6: ALX CONSTRUÇÕES E LOCAÇÕES | E6: 17.490.708/0001-70 | O6: PREFEITURA MUNICIPAL DE SOUSA
B7: DATA | D7: PERÍODO DA MEDIÇÃO | E7: VALOR DA MEDIÇÃO: | H7: VALOR ACUMULADO ANTERIOR: | J7: VALOR ACUMULADO ANTERIOR: | Q7: MEDIÇÃO:
B8: 45281 | D8: 21/11/2023 a 21/12/2023 | E8: ='BOLETIM DE MEDIÇÃO 02'!E8 -> 61443.008 | H8: ='BOLETIM DE MEDIÇÃO 02'!H8 -> 66571.965 | Q8: 01
B10: FOTOGRAFIAS

Sheet MEMORIAL FOTOGRÁFICO 02
B2: BOLETIM 02 - MEMORIAL FOTOGRÁFICO
B3: OBJETO: | O3: CONTRATO: | P3: LICITAÇÃO Nº: | Q3: VALOR CONTRATADO:
B4: CONSTRUÇÃO DA CASA DE ACOLHIMENTO PARA CRIANÇAS E ADOCESLENTES, "CASA LAR", NO MUNICÍPIO DE SOUSA/PB. | O4: 682/2023 | P4: 03/2023 | Q4: 1240378.4
B5: EMPRESA CONTRATADA: | E5: CNPJ: | O5: CONTRATANTE:
B6: ALX CONSTRUÇÕES E LOCAÇÕES | E6: 17.490.708/0001-70 | O6: PREFEITURA MUNICIPAL DE SOUSA
B7: DATA | D7: PERÍODO DA MEDIÇÃO | E7: VALOR DA MEDIÇÃO: | H7: VALOR ACUMULADO ANTERIOR: | J7: VALOR ACUMULADO ANTERIOR: | Q7: MEDIÇÃO:
B8: 45291 | D8: 22/12/2023 a 31/01/2024 | E8: ='BOLETIM DE MEDIÇÃO 02'!E8 -> 61443.008 | H8: ='BOLETIM DE MEDIÇÃO 02'!H8 -> 66571.965 | Q8: 02
B10: FOTOGRAFIAS

Sheet orcamento
A3: ITEM | B3: CÓDIGO | C3: DESCRIÇÃO | D3: FONTE | E3: UND | F3: QUANTIDADE | G3: PREÇO UNITÁRIO R$ | H3: PREÇO TOTAL R$
A4: 1 | B4: CONSTRUÇÃO DA CASA DE ACOLHIMENTO PARA CRIANÇAS E ADOLESCENTES - CASA LAR, NO MUNICÍPIO DE SOUSA - PB | H4: 1240378.4
A5: 1.1 | B5: SERVIÇOS PRELIMINARES | H5: 44462.31
A6: 1.1.1 | B6: composição 1 | C6: PLACA DE OBRA EM CHAPA DE ACO GALVANIZADO [ADAPTADO SINAPI 74209/01] | D6: Composições Próprias | E6: M2 | F6: 6 | G6: 414.1 | H6: 2484.6
A7: 1.1.2 | B7: 93209 | C7: EXECUÇÃO DE ALMOXARIFADO EM CANTEIRO DE OBRA EM ALVENARIA, INCLUSO PRATELEIRAS. AF_02/2016 | D7: SINAPI | E7: M2 | F7: 5 | G7: 947.21 | H7: 4736.05
A8: 1.1.3 | B8: 93206 | C8: EXECUÇÃO DE ESCRITÓRIO EM CANTEIRO DE OBRA EM ALVENARIA, NÃO INCLUSO MOBILIÁRIO E EQUIPAMENTOS. AF_02/2016 | D8: SINAPI | E8: M2 | F8: 5 | G8: 1086.7 | H8: 5433.5
A9: 1.1.4 | B9: composição 11 | C9: Tapume em chapa compensada esp = 10mm (1 uso). [ADAPTADO ORSE 53] | D9: Composições Próprias | E9: M2 | F9: 277.4 | G9: 102.24 | H9: 28361.38
A10: 1.1.5 | B10: 98524 | C10: LIMPEZA MANUAL DE VEGETAÇÃO EM TERRENO COM ENXADA.AF_05/2018 | D10: SINAPI | E10: M2 | F10: 1430.2 | G10: 2.29 | H10: 3275.16
A11: 1.1.6 | B11: 100575 | C11: REGULARIZAÇÃO DE SUPERFÍCIES COM MOTONIVELADORA. AF_11/2019 | D11: SINAPI | E11: M2 | F11: 1430.2 | G11: 0.12 | H11: 171.62
A12: 1.2 | B12: MOVIMENTO DE TERRA | H12: 21705.09
A13: 1.2.1 | B13: 99059 | C13: LOCACAO CONVENCIONAL DE OBRA, UTILIZANDO GABARITO DE TÁBUAS CORRIDAS PONTALETADAS A CADA 2,00M - 2 UTILIZAÇÕES. AF_10/2018 | D13: SINAPI | E13: M | F13: 137.5 | G13: 52.4 | H13: 7205
A14: 1.2.2 | B14: 93358 | C14: ESCAVAÇÃO MANUAL DE VALA COM PROFUNDIDADE MENOR OU IGUAL A 1,30 M. AF_02/2021 | D14: SINAPI | E14: M3 | F14: 89.01 | G14: 64.95 | H14: 5781.2
A15: 1.2.3 | B15: 96995 | C15: REATERRO MANUAL APILOADO COM SOQUETE. AF_10/2017 | D15: SINAPI | E15: M3 | F15: 44.26 | G15: 39.37 | H15: 1742.52
A16: 1.2.4 | B16: 94319 | C16: ATERRO MANUAL DE VALAS COM SOLO ARGILO-ARENOSO E COMPACTAÇÃO MECANIZADA. AF_05/2016 | D16: SINAPI | E16: M3 | F16: 93.63 | G16: 74.51 | H16: 6976.37
A17: 1.3 | B17: FUNDAÇÃO | H17: 103558.14
A18: 1.3.1 | B18: composição 12 | C18: ALVENARIA DE EMBASAMENTO COM BLOCO CERÂMICO DE 9X14X19CM E ARGAMASSA DE ASSENTAMENTO COM PREPARO EM BETONEIRA. AF_05/2020. [ADAPTADO SINAPI 101166] | D18: Composições Próprias | E18: M3 | F18: 13.99 | G18: 411.48 | H18: 5756.61
A19: 1.3.2 | B19: 101616 | C19: PREPARO DE FUNDO DE VALA COM LARGURA MENOR QUE 1,5 M (ACERTO DO SOLO NATURAL). AF_08/2020 | D19: SINAPI | E19: M2 | F19: 37.81 | G19: 4.91 | H19: 185.65
A20: 1.3.3 | B20: 96619 | C20: LASTRO DE CONCRETO MAGRO, APLICADO EM BLOCOS DE COROAMENTO OU SAPATAS, ESPESSURA DE 5 CM. AF_08/2017 | D20: SINAPI | E20: M2 | F20: 77.41 | G20: 30.67 | H20: 2374.16
A21: 1.3.4 | B21: 96545 | C21: ARMAÇÃO DE BLOCO, VIGA BALDRAME OU SAPATA UTILIZANDO AÇO CA-50 DE 8 MM - MONTAGEM. AF_06/2017 | D21: SINAPI | E21: KG | F21: 537.3 | G21: 15.99 | H21: 8591.43
A22: 1.3.5 | B22: 94966 | C22: CONCRETO FCK = 30MPA, TRAÇO 1:2,1:2,5 (EM MASSA SECA DE CIMENTO/ AREIA MÉDIA/ BRITA 1) - PREPARO MECÂNICO COM BETONEIRA 400 L. AF_05/2021 | D22: SINAPI | E22: M3 | F22: 21.16 | G22: 530.88 | H22: 11233.42
A23: 1.3.6 | B23: 94964 | C23: CONCRETO FCK = 20MPA, TRAÇO 1:2,7:3 (EM MASSA SECA DE CIMENTO/ AREIA MÉDIA/ BRITA 1) - PREPARO MECÂNICO COM BETONEIRA 400 L. AF_05/2021 | D23: SINAPI | E23: M3 | F23: 9.6 | G23: 488.69 | H23: 4691.42
A24: 1.3.7 | B24: 103670 | C24: LANÇAMENTO COM USO DE BALDES, ADENSAMENTO E ACABAMENTO DE CONCRETO EM ESTRUTURAS. AF_02/2022 | D24: SINAPI | E24: M3 | F24: 30.76 | G24: 230.55 | H24: 7091.72
A25: 1.3.8 | B25: 96543 | C25: ARMAÇÃO DE BLOCO, VIGA BALDRAME E SAPATA UTILIZANDO AÇO CA-60 DE 5 MM - MONTAGEM. AF_06/2017 | D25: SINAPI | E25: KG | F25: 404.4 | G25: 17.5 | H25: 7077
A26: 1.3.9 | B26: 96544 | C26: ARMAÇÃO DE BLOCO, VIGA BALDRAME OU SAPATA UTILIZANDO AÇO CA-50 DE 6,3 MM - MONTAGEM. AF_06/2017 | D26: SINAPI | E26: KG | F26: 295 | G26: 16.59 | H26: 4894.05
A27: 1.3.10 | B27: 96546 | C27: ARMAÇÃO DE BLOCO, VIGA BALDRAME OU SAPATA UTILIZANDO AÇO CA-50 DE 10 MM - MONTAGEM. AF_06/2017 | D27: SINAPI | E27: KG | F27: 534.1 | G27: 14.35 | H27: 7664.34
A28: 1.3.11 | B28: 96547 | C28: ARMAÇÃO DE BLOCO, VIGA BALDRAME OU SAPATA UTILIZANDO AÇO CA-50 DE 12,5 MM - MONTAGEM. AF_06/2017 | D28: SINAPI | E28: KG | F28: 152.9 | G28: 11.9 | H28: 1819.51
A29: 1.3.12 | B29: 96536 | C29: FABRICAÇÃO, MONTAGEM E DESMONTAGEM DE FÔRMA PARA VIGA BALDRAME, EM MADEIRA SERRADA, E=25 MM, 4 UTILIZAÇÕES. AF_06/2017 | D29: SINAPI | E29: M2 | F29: 429.83 | G29: 69.64 | H29: 29933.36
A30: 1.3.13 | B30: 98557 | C30: IMPERMEABILIZAÇÃO DE SUPERFÍCIE COM EMULSÃO ASFÁLTICA, 2 DEMÃOS AF_06/2018 | D30: SINAPI | E30: M2 | F30: 253.95 | G30: 48.22 | H30: 12245.47
A31: 1.4 | B31: ESTRUTURA | H31: 156522.69
A32: 1.4.1 | B32: 92443 | C32: MONTAGEM E DESMONTAGEM DE FÔRMA DE PILARES RETANGULARES E ESTRUTURAS SIMILARES, PÉ-DIREITO SIMPLES, EM CHAPA DE MADEIRA COMPENSADA PLASTIFICADA, 18 UTILIZAÇÕES. AF_09/2020 | D32: SINAPI | E32: M2 | F32: 408.7 | G32: 40.35 | H32: 16491.05
A33: 1.4.2 | B33: 92480 | C33: MONTAGEM E DESMONTAGEM DE FÔRMA DE VIGA, ESCORAMENTO METÁLICO, PÉ-DIREITO SIMPLES, EM CHAPA DE MADEIRA PLASTIFICADA, 18 UTILIZAÇÕES. AF_09/2020 | D33: SINAPI | E33: M2 | F33: 435.33 | G33: 62.17 | H33: 27064.47
A34: 1.4.3 | B34: 92267 | C34: FABRICAÇÃO DE FÔRMA PARA LAJES, EM CHAPA DE MADEIRA COMPENSADA RESINADA, E = 17 MM. AF_09/2020 | D34: SINAPI | E34: M2 | F34: 111.15 | G34: 30.99 | H34: 3444.54
A35: 1.4.4 | B35: 92759 | C35: ARMAÇÃO DE PILAR OU VIGA DE ESTRUTURA CONVENCIONAL DE CONCRETO ARMADO UTILIZANDO AÇO CA-60 DE 5,0 MM - MONTAGEM. AF_06/2022 | D35: SINAPI | E35: KG | F35: 1027.8 | G35: 14.67 | H35: 15077.83
A36: 1.4.5 | B36: 92760 | C36: ARMAÇÃO DE PILAR OU VIGA DE ESTRUTURA CONVENCIONAL DE CONCRETO ARMADO UTILIZANDO AÇO CA-50 DE 6,3 MM - MONTAGEM. AF_06/2022 | D36: SINAPI | E36: KG | F36: 39.1 | G36: 14.4 | H36: 563.04
A37: 1.4.6 | B37: 92761 | C37: ARMAÇÃO DE PILAR OU VIGA DE ESTRUTURA CONVENCIONAL DE CONCRETO ARMADO UTILIZANDO AÇO CA-50 DE 8,0 MM - MONTAGEM. AF_06/2022 | D37: SINAPI | E37: KG | F37: 1000 | G37: 14.25 | H37: 14250
A38: 1.4.7 | B38: 92762 | C38: ARMAÇÃO DE PILAR OU VIGA DE ESTRUTURA CONVENCIONAL DE CONCRETO ARMADO UTILIZANDO AÇO CA-50 DE 10,0 MM - MONTAGEM. AF_06/2022 | D38: SINAPI | E38: KG | F38: 1306.1 | G38: 12.94 | H38: 16900.93
A39: 1.4.8 | B39: 92763 | C39: ARMAÇÃO DE PILAR OU VIGA DE ESTRUTURA CONVENCIONAL DE CONCRETO ARMADO UTILIZANDO AÇO CA-50 DE 12,5 MM - MONTAGEM. AF_06/2022 | D39: SINAPI | E39: KG | F39: 168.2 | G39: 10.71 | H39: 1801.42
A40: 1.4.9 | B40: 92768 | C40: ARMAÇÃO DE LAJE DE ESTRUTURA CONVENCIONAL DE CONCRETO ARMADO UTILIZANDO AÇO CA-60 DE 5,0 MM - MONTAGEM. AF_06/2022 | D40: SINAPI | E40: KG | F40: 158.7 | G40: 14.31 | H40: 2271
A41: 1.4.10 | B41: 92769 | C41: ARMAÇÃO DE LAJE DE ESTRUTURA CONVENCIONAL DE CONCRETO ARMADO UTILIZANDO AÇO CA-50 DE 6,3 MM - MONTAGEM. AF_06/2022 | D41: SINAPI | E41: KG | F41: 170.5 | G41: 14.01 | H41: 2388.71
A42: 1.4.11 | B42: 92770 | C42: ARMAÇÃO DE LAJE DE ESTRUTURA CONVENCIONAL DE CONCRETO ARMADO UTILIZANDO AÇO CA-50 DE 8,0 MM - MONTAGEM. AF_06/2022 | D42: SINAPI | E42: KG | F42: 279.1 | G42: 13.86 | H42: 3868.33
A43: 1.4.12 | B43: 94966 | C43: CONCRETO FCK = 30MPA, TRAÇO 1:2,1:2,5 (EM MASSA SECA DE CIMENTO/ AREIA MÉDIA/ BRITA 1) - PREPARO MECÂNICO COM BETONEIRA 400 L. AF_05/2021 | D43: SINAPI | E43: M3 | F43: 61.56 | G43: 530.88 | H43: 32680.97
... A46: 1.4.15 | B46: 92772 | C46: ARMAÇÃO DE LAJE DE ESTRUTURA CONVENCIONAL DE CONCRETO ARMADO UTILIZANDO AÇO CA-50 DE 12,5 MM - MONTAGEM. AF_06/2022 | D46: SINAPI | E46: KG | F46: 154.8 | G46: 10.39 | H46: 1608.37
A47: 1.5 | B47: PAREDES | H47: 69589.9
A48: 1.5.1 | B48: 103356 | C48: ALVENARIA DE VEDAÇÃO DE BLOCOS CERÂMICOS FURADOS NA HORIZONTAL DE 9X19X29 CM (ESPESSURA 9 CM) E ARGAMASSA DE ASSENTAMENTO COM PREPARO EM BETONEIRA. AF_12/2021 | D48: SINAPI | E48: M2 | F48: 1131.99 | G48: 46.86 | H48: 53045.05
A49: 1.5.2 | B49: 93189 | C49: VERGA MOLDADA IN LOCO EM CONCRETO PARA PORTAS COM MAIS DE 1,5 M DE VÃO. AF_03/2016 | D49: SINAPI | E49: M | F49: 64.1 | G49: 99.36 | H49: 6368.98
A50: 1.5.3 | B50: 93191 | C50: VERGA MOLDADA IN LOCO COM UTILIZAÇÃO DE BLOCOS CANALETA PARA JANELAS COM MAIS DE 1,5 M DE VÃO. AF_03/2016 | D50: SINAPI | E50: M | F50: 72.2 | G50: 50.71 | H50: 3661.26
A51: 1.5.4 | B51: 93197 | C51: CONTRAVERGA MOLDADA IN LOCO EM CONCRETO PARA VÃOS DE MAIS DE 1,5 M DE COMPRIMENTO. AF_03/2016 | D51: SINAPI | E51: M | F51: 72.2 | G51: 90.23 | H51: 6514.61
A52: 1.6 | B52: REVESTIMENTOS INTERNOS | H52: 67976.03
A53: 1.6.1 | B53: 87893 | C53: CHAPISCO APLICADO EM ALVENARIA (SEM PRESENÇA DE VÃOS) E ESTRUTURAS DE CONCRETO DE FACHADA, COM COLHER DE PEDREIRO. ARGAMASSA TRAÇO 1:3 COM PREPARO MANUAL. AF_10/2022 | D53: SINAPI | E53: M2 | F53: 1348.98 | G53: 6.08 | H53: 8201.8
A54: 1.6.2 | B54: 87548 | C54: MASSA ÚNICA, PARA RECEBIMENTO DE PINTURA, EM ARGAMASSA TRAÇO 1:2:8, PREPARO MANUAL, APLICADA MANUALMENTE EM FACES INTERNAS DE PAREDES, ESPESSURA DE 10MM, COM EXECUÇÃO DE TALISCAS. AF_06/2014 | D54: SINAPI | E54: M2 | F54: 997.11 | G54: 22.4 | H54: 22335.26
A55: 1.6.3 | B55: 87536 | C55: EMBOÇO, PARA RECEBIMENTO DE CERÂMICA, EM ARGAMASSA TRAÇO 1:2:8, PREPARO MANUAL, APLICADO MANUALMENTE EM FACES INTERNAS DE PAREDES, PARA AMBIENTE COM ÁREA MAIOR QUE 10M2, ESPESSURA DE 20MM, COM EXECUÇÃO DE TALISCAS. AF_06/2014 | D55: SINAPI | E55: M2 | F55: 351.87 | G55: 31.26 | H55: 10999.46
A56: 1.6.4 | B56: 87275 | C56: REVESTIMENTO CERÂMICO PARA PAREDES INTERNAS COM PLACAS TIPO ESMALTADA EXTRA DE DIMENSÕES 33X45 CM APLICADAS A MEIA ALTURA DAS PAREDES. AF_02/2023_PE | D56: SINAPI | E56: M2 | F56: 351.87 | G56: 75.14 | H56: 26439.51
A57: 1.7 | B57: ESQUADRIAS | H57: 111068.43
A58: 1.7.1 | B58: 91315 | C58: KIT DE PORTA DE MADEIRA PARA PINTURA, SEMI-OCA (LEVE OU MÉDIA), PADRÃO POPULAR, 90X210CM, ESPESSURA DE 3,5CM, ITENS INCLUSOS: DOBRADIÇAS, MONTAGEM E INSTALAÇÃO DO BATENTE, FECHADURA COM EXECUÇÃO DO FURO - FORNECIMENTO E INSTALAÇÃO. AF_12/2019 | D58: SINAPI | E58: UN | F58: 18 | G58: 919.01 | H58: 16542.18
A59: 1.7.2 | B59: 94570 | C59: JANELA DE ALUMÍNIO DE CORRER COM 2 FOLHAS PARA VIDROS, COM VIDROS, BATENTE, ACABAMENTO COM ACETATO OU BRILHANTE E FERRAGENS. EXCLUSIVE ALIZAR E CONTRAMARCO. FORNECIMENTO E INSTALAÇÃO. AF_12/2019 | D59: SINAPI | E59: M2 | F59: 49.7 | G59: 960.32 | H59: 47727.9
A60: 1.7.3 | B60: 100689 | C60: KIT DE PORTA DE MADEIRA FRISADA, SEMI-OCA (LEVE OU MÉDIA), PADRÃO MÉDIO, 80X210CM, ESPESSURA DE 3,5CM, ITENS INCLUSOS: DOBRADIÇAS, MONTAGEM E INSTALAÇÃO DE BATENTE, FECHADURA COM EXECUÇÃO DO FURO - FORNECIMENTO E INSTALAÇÃO. AF_12/2019 | D60: SINAPI | E60: UN | F60: 5 | G60: 1069.74 | H60: 5348.7
A61: 1.7.4 | B61: composição 3 | C61: PORTA EM MADEIRA , LISA, SEMI-ÔCA, 1.46 X 2.10 M, COM DUAS FOLHAS, INCLUSIVE BATENTES E FERRAGENS - REV 02[ADAPTADO DE ORSE 7149] | D61: Composições Próprias | E61: UND | F61: 1 | G61: 2030.34 | H61: 2030.34
A62: 1.7.5 | B62: composição 4 | C62: PORTÃO EM ALUMÍNIO, COR N/B/P, EM PERFÍS BÚZIO QUADRADO OU LAMBRIL, COMPLETO INCLUSIVE RODÍZIOS, PERFÍS E FECHADURA- ORSE - ORSE 11955 | D62: Composições Próprias | E62: UND | F62: 3 | G62: 4697.45 | H62: 14092.35
A63: 1.7.6 | B63: 91341 | C63: PORTA EM ALUMÍNIO DE ABRIR TIPO VENEZIANA COM GUARNIÇÃO, FIXAÇÃO COM PARAFUSOS - FORNECIMENTO E INSTALAÇÃO. AF_12/2019 | D63: SINAPI | E63: M2 | F63: 12.96 | G63: 976.37 | H63: 12653.76
A64: 1.7.7 | B64: 100702 | C64: PORTA DE CORRER DE ALUMÍNIO, COM DUAS FOLHAS PARA VIDRO, INCLUSO VIDRO LISO INCOLOR, FECHADURA E PUXADOR, SEM ALIZAR. AF_12/2019 | D64: SINAPI | E64: M2 | F64: 19.96 | G64: 579.9 | H64: 11574.8
A65: 1.7.8 | B65: 90831 | C65: FECHADURA DE EMBUTIR PARA PORTA DE BANHEIRO, COMPLETA, ACABAMENTO PADRÃO MÉDIO, INCLUSO EXECUÇÃO DE FURO - FORNECIMENTO E INSTALAÇÃO. AF_12/2019 | D65: SINAPI | E65: UN | F65: 8 | G65: 137.3 | H65: 1098.4
A66: 1.8 | B66: PINTURA | H66: 46432.76
A67: 1.8.1 | B67: 88485 | C67: APLICAÇÃO DE FUNDO SELADOR ACRÍLICO EM PAREDES, UMA DEMÃO. AF_06/2014 | D67: SINAPI | E67: M2 | F67: 997.11 | G67: 2.74 | H67: 2732.08
A68: 1.8.2 | B68: 88495 | C68: APLICAÇÃO E LIXAMENTO DE MASSA LÁTEX EM PAREDES, UMA DEMÃO. AF_06/2014 | D68: SINAPI | E68: M2 | F68: 997.11 | G68: 9.86 | H68: 9831.5
A69: 1.8.3 | B69: 88489 | C69: APLICAÇÃO MANUAL DE PINTURA COM TINTA LÁTEX ACRÍLICA EM PAREDES, DUAS DEMÃOS. AF_06/2014 | D69: SINAPI | E69: M2 | F69: 997.11 | G69: 12.16 | H69: 12124.86
A70: 1.8.4 | B70: 88484 | C70: APLICAÇÃO DE FUNDO SELADOR ACRÍLICO EM TETO, UMA DEMÃO. AF_06/2014 | D70: SINAPI | E70: M2 | F70: 634.5 | G70: 3.1 | H70: 1966.95
A71: 1.8.5 | B71: 88494 | C71: APLICAÇÃO E LIXAMENTO DE MASSA LÁTEX EM TETO, UMA DEMÃO. AF_06/2014 | D71: SINAPI | E71: M2 | F71: 634.5 | G71: 17.43 | H71: 11059.34
A72: 1.8.6 | B72: 88488 | C72: APLICAÇÃO MANUAL DE PINTURA COM TINTA LÁTEX ACRÍLICA EM TETO, DUAS DEMÃOS. AF_06/2014 | D72: SINAPI | E72: M2 | F72: 634.5 | G72: 13.74 | H72: 8718.03
A73: 1.9 | B73: REVESTIMENTOS EXTERNOS | H73: 42089.25
A74: 1.9.1 | B74: 87894 | C74: CHAPISCO APLICADO EM ALVENARIA (SEM PRESENÇA DE VÃOS) E ESTRUTURAS DE CONCRETO DE FACHADA, COM COLHER DE PEDREIRO. ARGAMASSA TRAÇO 1:3 COM PREPARO EM BETONEIRA 400L. AF_10/2022 | D74: SINAPI | E74: M2 | F74: 466.37 | G74: 5.72 | H74: 2667.64
A75: 1.9.2 | B75: 104233 | C75: EMBOÇO OU MASSA ÚNICA EM ARGAMASSA TRAÇO 1:2:8, PREPARO MECÂNICA COM BETONEIRA 400 L, APLICADA MANUALMENTE EM PANOS DE FACHADA SEM PRESENÇA DE VÃOS, ESPESSURA DE 25 MM, ACESSO POR ANDAIME. AF_08/2022 | D75: SINAPI | E75: M2 | F75: 466.37 | G75: 31.53 | H75: 14704.65
A76: 1.9.3 | B76: composição 6 | C76: REVESTIMENTO PORCELANATO MADEIRADO PARA PAREDES COM PLACAS TIPO ESMALTADA EXTRA DE DIMENSÕES 20X120 CM [ADAPTADO SINAPI 87244] | D76: Composições Próprias | E76: M2 | F76: 32.5 | G76: 154.75 | H76: 5029.38
A77: 1.9.4 | B77: composição 7 | C77: REVESTIMENTO PORCELANATO MARMORIZADO PARA PAREDES E PISO COM PLACAS TIPO ESMALTADA EXTRA DE DIMENSÕES 80X80 CM [ADAPTADO SINAPI 87244] | D77: Composições Próprias | E77: M² | F77: 29.5 | G77: 228.6 | H77: 6743.7
A78: 1.9.5 | B78: 88485 | C78: APLICAÇÃO DE FUNDO SELADOR ACRÍLICO EM PAREDES, UMA DEMÃO. AF_06/2014 | D78: SINAPI | E78: M2 | F78: 404.37 | G78: 2.74 | H78: 1107.97
A79: 1.9.6 | B79: 96130 | C79: APLICAÇÃO MANUAL DE MASSA ACRÍLICA EM PAREDES EXTERNAS DE CASAS, UMA DEMÃO. AF_05/2017 | D79: SINAPI | E79: M2 | F79: 404.37 | G79: 17.11 | H79: 6918.77
A80: 1.9.7 | B80: 88489 | C80: APLICAÇÃO MANUAL DE PINTURA COM TINTA LÁTEX ACRÍLICA EM PAREDES, DUAS DEMÃOS. AF_06/2014 | D80: SINAPI | E80: M2 | F80: 404.37 | G80: 12.16 | H80: 4917.14
A81: 1.10 | B81: INSTALAÇÃO ELÉTRICA | H81: 40014.01
A82: 1.10.1 | B82: 92868 | C82: CAIXA RETANGULAR 4" X 2" MÉDIA (1,30 M DO PISO), METÁLICA, INSTALADA EM PAREDE - FORNECIMENTO E INSTALAÇÃO. AF_03/2023 | D82: SINAPI | E82: UN | F82: 117 | G82: 13.45 | H82: 1573.65
A83: 1.10.2 | B83: 91937 | C83: CAIXA OCTOGONAL 3" X 3", PVC, INSTALADA EM LAJE - FORNECIMENTO E INSTALAÇÃO. AF_03/2023 | D83: SINAPI | E83: UN | F83: 76 | G83: 11.14 | H83: 846.64
A84: 1.10.3 | B84: 91924 | C84: CABO DE COBRE FLEXÍVEL ISOLADO, 1,5 MM², ANTI-CHAMA 450/750 V, PARA CIRCUITOS TERMINAIS - FORNECIMENTO E INSTALAÇÃO. AF_03/2023 | D84: SINAPI | E84: M | F84: 1253.8 | G84: 2.7 | H84: 3385.26
A85: 1.10.4 | B85: 91926 | C85: CABO DE COBRE FLEXÍVEL ISOLADO, 2,5 MM², ANTI-CHAMA 450/750 V, PARA CIRCUITOS TERMINAIS - FORNECIMENTO E INSTALAÇÃO. AF_03/2023 | D85: SINAPI | E85: M | F85: 1496.3 | G85: 3.98 | H85: 5955.27
A86: 1.10.5 | B86: 91928 | C86: CABO DE COBRE FLEXÍVEL ISOLADO, 4 MM², ANTI-CHAMA 450/750 V, PARA CIRCUITOS TERMINAIS - FORNECIMENTO E INSTALAÇÃO. AF_03/2023 | D86: SINAPI | E86: M | F86: 284.6 | G86: 6.23 | H86: 1773.06
A87: 1.10.6 | B87: 91931 | C87: CABO DE COBRE FLEXÍVEL ISOLADO, 6 MM², ANTI-CHAMA 0,6/1,0 KV, PARA CIRCUITOS TERMINAIS - FORNECIMENTO E INSTALAÇÃO. AF_03/2023 | D87: SINAPI | E87: M | F87: 224 | G87: 9.51 | H87: 2130.24
A88: 1.10.7 | B88: 00039773 | C88: CAIXA DE PASSAGEM METALICA DE SOBREPOR COM TAMPA PARAFUSADA, DIMENSOES 40 X 40 X 15 CM | D88: SINAPI | E88: UN | F88: 2 | G88: 101.17 | H88: 202.34
A89: 1.10.8 | B89: 101890 | C89: DISJUNTOR MONOPOLAR TIPO NEMA, CORRENTE NOMINAL DE 10 ATÉ 30A - FORNECIMENTO E INSTALAÇÃO. AF_10/2020 | D89: SINAPI | E89: UN | F89: 19 | G89: 15.35 | H89: 291.65
A90: 1.10.9 | B90: 93670 | C90: DISJUNTOR TRIPOLAR TIPO DIN, CORRENTE NOMINAL DE 25A - FORNECIMENTO E INSTALAÇÃO. AF_10/2020 | D90: SINAPI | E90: UN | F90: 1 | G90: 73.97 | H90: 73.97
A91: 1.10.10 | B91: 93671 | C91: DISJUNTOR TRIPOLAR TIPO DIN, CORRENTE NOMINAL DE 32A - FORNECIMENTO E INSTALAÇÃO. AF_10/2020 | D91: SINAPI | E91: UN | F91: 1 | G91: 77.57 | H91: 77.57
A92: 1.10.11 | B92: 00039466 | C92: DISPOSITIVO DPS CLASSE II, 1 POLO, TENSAO MAXIMA DE 175 V, CORRENTE MAXIMA DE *30* KA (TIPO AC) | D92: SINAPI | E92: UN | F92: 6 | G92: 74.81 | H92: 448.86
A93: 1.10.12 | B93: 00039445 | C93: DISPOSITIVO DR, 2 POLOS, SENSIBILIDADE DE 30 MA, CORRENTE DE 25 A, TIPO AC | D93: SINAPI | E93: UN | F93: 1 | G93: 136.8 | H93: 136.8
... A109: 1.10.28 | B109: 92023 | C109: INTERRUPTOR SIMPLES (1 MÓDULO) COM 1 TOMADA DE EMBUTIR 2P+T 10 A, INCLUINDO SUPORTE E PLACA - FORNECIMENTO E INSTALAÇÃO. AF_03/2023 | D109: SINAPI | E109: UN | F109: 5 | G109: 43.88 | H109: 219.4
A110: 1.11 | B110: PISOS | H110: 152184.26
A111: 1.11.1 | B111: 96620 | C111: LASTRO DE CONCRETO MAGRO, APLICADO EM PISOS, LAJES SOBRE SOLO OU RADIERS. AF_08/2017 | D111: SINAPI | E111: M3 | F111: 31.73 | G111: 593.44 | H111: 18829.85
A112: 1.11.2 | B112: 94439 | C112: (COMPOSIÇÃO REPRESENTATIVA) DO SERVIÇO DE CONTRAPISO EM ARGAMASSA TRAÇO 1:4 (CIM E AREIA), BETONEIRA 400 L, E = 4 CM ÁREAS SECAS E MOLHADAS SOBRE LAJE , E = 3 CM ÁREAS MOLHADAS SOBRE IMPERMEABILIZAÇÃO, CASA E EDIFICAÇÃO PÚBLICA PADRÃO. AF_11/2014 | D112: SINAPI | E112: M2 | F112: 634.5 | G112: 46.08 | H112: 29237.76
A113: 1.11.3 | B113: 87257 | C113: REVESTIMENTO CERÂMICO PARA PISO COM PLACAS TIPO ESMALTADA EXTRA DE DIMENSÕES 60X60 CM APLICADA EM AMBIENTES DE ÁREA MAIOR QUE 10 M2. AF_02/2023_PE | D113: SINAPI | E113: M2 | F113: 634.5 | G113: 95.14 | H113: 60366.33
A114: 1.11.4 | B114: 92403 | C114: EXECUÇÃO DE PAVIMENTO EM PISO INTERTRAVADO, COM BLOCO 16 FACES DE 22 X 11 CM, ESPESSURA 6 CM. AF_10/2022 | D114: SINAPI | E114: M2 | F114: 629.38 | G114: 51.12 | H114: 32173.91
A115: 1.11.5 | B115: 94273 | C115: ASSENTAMENTO DE GUIA (MEIO-FIO) EM TRECHO RETO, CONFECCIONADA EM CONCRETO PRÉ-FABRICADO, DIMENSÕES 100X15X13X30 CM (COMPRIMENTO X BASE INFERIOR X BASE SUPERIOR X ALTURA), PARA VIAS URBANAS (USO VIÁRIO). AF_06/2016 | D115: SINAPI | E115: M | F115: 126.37 | G115: 47.25 | H115: 5970.98
A116: 1.11.6 | B116: 00000368 | C116: AREIA PARA ATERRO - POSTO JAZIDA/FORNECEDOR (RETIRADO NA JAZIDA, SEM TRANSPORTE) | D116: SINAPI | E116: M3 | F116: 7.46 | G116: 70.77 | H116: 527.94
A117: 1.11.7 | B117: 98504 | C117: PLANTIO DE GRAMA BATATAIS EM PLACAS. AF_05/2018 | D117: SINAPI | E117: M2 | F117: 25.6 | G117: 15.87 | H117: 406.27
A118: 1.11.8 | B118: 103913 | C118: EXECUÇÃO DE PISO INDUSTRIAL DE CONCRETO ARMADO, FCK = 20 MPA, ESPESSURA DE 12,0 CM. AF_04/2022 | D118: SINAPI | E118: M2 | F118: 39.6 | G118: 117.96 | H118: 4671.22
A119: 1.12 | B119: COBERTA | H119: 172109.59
...
